 Dungeon Crawl Stone Soup version 0.30-a0-170-g85af917532 (webtiles) character file.

Game seed: 9775683165303613088

672116 qw the Bringer of Light (level 27, -2/189 HPs)
             Began as a Gargoyle Fighter on Sept 30, 2022.
             Was the Champion of the Shining One.
             Killed from afar by a balrug (28 damage)
             ... with a bolt of fire
             ... in Pandemonium.
             The game lasted 00:37:35 (61501 turns).

qw the Bringer of Light (Gargoyle Fighter)         Turns: 61501, Time: 00:37:35

Health: -2/189     AC: 76    Str: 34 (36) XL:     27
Magic:  22/31      EV: 24    Int:  8 (10) God:    the Shining One [******]
Gold:   3968       SH: 34    Dex: 35 (37) Spells: 26/26 levels left

rFire   x x .      SeeInvis .    I - +9 broad axe of Okawaru's Favour {flame, Drain rPois Dex+4}
rCold   + . .      Faith    .    y - +6 tower shield "Beakk" {Slay+4}
rNeg    + + +      Spirit   .    S - +8 crystal plate armour of the Engineer {Contam rElec Dex+9}
rPois   inf        Reflect  .    k - +2 hat {Stlth+}
rElec   +          Harm     .    a - +5 cloak of the Valley {Rampage rN+ Int-2}
rCorr   +          Rampage  +    H - +1 pair of gloves of Xifatog {rElec Will+}
Will    +++..                    B - +0 pair of boots of Truth {rF- Regen+ Str+3}
Stlth   ..........               V - amulet "Ashroth" {rC+ rN+ Regen+ Int+6}
HPRegen 2.01/turn                z - ring "Mukirghaf" {rCorr EV+4 Str-2 Dex+7}
MPRegen 0.22/turn                R - ring of Medeoppo {AC+4 Str+2}

@: mighty, on fire, about to teleport, fire vulnerable, flying, hasted, glowing,
very quick
A: sickness immunity, AC +20, big wings, negative energy resistance 1,
electricity resistance, torment resistance 1, petrification resistance, horns 1,
agile 2, deterioration 1, low MP 2, sense surroundings 1
}: 5/15 runes: decaying, silver, golden, demonic, gossamer
a: Renounce Religion, Divine Shield, Cleansing Flame, Summon Divine Warrior


You were in Pandemonium.
You worshipped the Shining One.
The Shining One was exalted by your worship.
You visited 11 branches of the dungeon, and saw 50 of its levels.
You visited Pandemonium 1 time, and saw 8 of its levels.
You visited the Abyss 1 time.

You collected 8873 gold pieces.
You spent 4905 gold pieces at shops.


Innate Abilities, Weirdness & Mutations

You are immune to sickness and miasma.
Your stone body is resilient. (AC +20)
You are immune to poison.
Your large and strong wings let you fly.
You resist negative energy. (rN+)
You are resistant to electric shocks. (rElec)
You are resistant to unholy torment.
You are immune to petrification.
You have a pair of small horns on your head.
You are very agile. (Dex +8, Str/Int -2)
Your body sometimes deteriorates upon taking damage.
Your magical capacity is very low. (-20% MP)
You passively map a small area around you.


   Skills:
 - Level 23.8 Fighting
 - Level 18.0 Axes
 - Level 13.0 Throwing
 + Level 23.9 Armour
 - Level 13.0 Dodging
 - Level 22.0 Shields
 - Level 25.4 Invocations


You had 26 spell levels left.
You didn't know any spells.
Your spell library was empty.

Inventory:

Hand Weapons
 o - the +7 war axe "Guhos" {venom, Will++ rCorr Stlth+}
   (You bought it in a shop on level 1 of the Depths)

   It poisons the flesh of those it strikes.
   rCorr:     It protects you from acid and corrosion.
   Will:      It greatly increases your willpower.
   Stlth:     It makes you more stealthy.
 v - a +9 broad axe of holy wrath
 A - the +7 war axe of Akuqaet {vorpal, rElec rPois rC- rCorr}
   (Okawaru gifted it to you on level 3 of the Realm of Zot)

   It inflicts extra damage upon your enemies.
   rC:        It makes you vulnerable to cold.
   rElec:     It insulates you from electricity.
   rPois:     It protects you from poison.
   rCorr:     It protects you from acid and corrosion.
 I - the +9 broad axe of Okawaru's Favour (weapon) {flame, Drain rPois Dex+4}
   (You took it off a vault warden on level 5 of the Vaults)

   It burns those it strikes, dealing additional fire damage.
   Big, fiery blades are also staple armaments of hydra-hunters.
   Dex:       It affects your dexterity (+4).
   rPois:     It protects you from poison.
   Drain:     It drains your maximum health when unequipped.
Missiles
 w - 27 boomerangs
 G - 2 javelins (quivered)
 L - a silver boomerang
Armour
 a - the +5 cloak of the Valley (worn) {Rampage rN+ Int-2}
   (You acquired it on level 1 of the Dungeon)

   Int:       It affects your intelligence (-2).
   rN:        It protects you from negative energy.
   Rampage:   It bestows one free step when moving towards enemies.
 h - the +3 pair of boots of the Desolation of Salt {-Tele +Inv rC+++ Str-5}
   (Okawaru gifted it to you on level 4 of the Spider Nest)

   Str:       It affects your strength (-5).
   rC:        It renders you almost immune to cold.
   +Inv:      It lets you turn invisible.
   -Tele:     It prevents most forms of teleportation.
 k - a +2 hat of stealth (worn)
 y - the +6 tower shield "Beakk" (worn) {Slay+4}
   (Okawaru gifted it to you on level 1 of the Realm of Zot)

   Slay:      It affects your accuracy & damage with ranged weapons and melee
   (+4).
 B - the +0 pair of boots of Truth (worn) {rF- Regen+ Str+3}
   (Okawaru gifted it to you on level 4 of the Lair of Beasts)

   Str:       It affects your strength (+3).
   rF:        It makes you vulnerable to fire.
   Regen:     It increases your rate of health regeneration.
 H - the +1 pair of gloves of Xifatog (worn) {rElec Will+}
   (Okawaru gifted it to you on level 2 of the Vaults)

   rElec:     It insulates you from electricity.
   Will:      It increases your willpower.
 O - the +2 pair of boots "Hero's Friend" {SInv}
   (You found it on level 5 of the Vaults)

   SInv:      It lets you see invisible.
 S - the +8 crystal plate armour of the Engineer (worn) {Contam rElec Dex+9}
   (You found it on level 3 of the Tomb of the Ancients)

   Dex:       It affects your dexterity (+9).
   rElec:     It insulates you from electricity.
   Contam:    It causes magical contamination when unequipped.
Jewellery
 b - the amulet "Bejeaqir" {Acrobat rF+ rN++ Dex+3 Stlth-}
   (You found it on level 5 of the Vaults)

   [amulet of the acrobat]

   It increases your evasion while moving and waiting.
   Dex:       It affects your dexterity (+3).
   rF:        It protects you from fire.
   rN:        It greatly protects you from negative energy.
   Stlth:     It makes you less stealthy.
 j - a ring of protection from fire
 l - an amulet of reflection
 z - the ring "Mukirghaf" (left hand) {rCorr EV+4 Str-2 Dex+7}
   (You found it on level 3 of the Realm of Zot)

   [ring of evasion]

   EV:        It affects your evasion (+4).
   Str:       It affects your strength (-2).
   Dex:       It affects your dexterity (+7).
   rCorr:     It protects you from acid and corrosion.
 F - a ring of protection from cold
 J - the ring of Thoughtfulness {Will+ rCorr Str+4 Dex-3 SInv}
   (You found it on level 5 of the Vaults)

   [ring of see invisible]

   Str:       It affects your strength (+4).
   Dex:       It affects your dexterity (-3).
   SInv:      It lets you see invisible.
   rCorr:     It protects you from acid and corrosion.
   Will:      It increases your willpower.
 K - a ring of protection from fire
 P - a ring of protection from cold
 Q - the ring "Ylauc" {rElec rPois rC++ rN+ Slay-3}
   (You found it on level 3 of the Crypt)

   [ring of positive energy]

   Slay:      It affects your accuracy & damage with ranged weapons and melee
   (-3).
   rC:        It greatly protects you from cold.
   rElec:     It insulates you from electricity.
   rPois:     It protects you from poison.
   rN:        It protects you from negative energy.
 R - the ring of Medeoppo (right hand) {AC+4 Str+2}
   (You found it on level 2 of the Depths)

   [ring of protection]

   AC:        It affects your AC (+4).
   Str:       It affects your strength (+2).
 V - the amulet "Ashroth" (around neck) {rC+ rN+ Regen+ Int+6}
   (You found it on level 3 of the Tomb of the Ancients)

   [amulet of regeneration]

   Int:       It affects your intelligence (+6).
   rC:        It protects you from cold.
   rN:        It protects you from negative energy.
   Regen:     It increases your rate of health regeneration.
Wands
 u - a wand of digging (14)
Scrolls
 e - a scroll of enchant weapon
 f - 9 scrolls of teleportation
 m - 8 scrolls of identify
 s - 3 scrolls of enchant armour
 M - 2 scrolls of brand weapon
Potions
 c - 2 potions of heal wounds
 d - 10 potions of might
 i - 16 potions of haste
 n - 4 potions of magic
 q - 9 potions of attraction
 r - 29 potions of curing
 t - 15 potions of lignification
 x - 21 potions of mutation
 E - 6 potions of cancellation

Dungeon Overview and Level Annotations

Branches:
Dungeon (15/15)            Temple (1/1) D:5            Lair (5/5) D:10
  Swamp (4/4) Lair:2       Spider (4/4) Lair:2        Slime (0/5) Lair:4
    Orc (2/2) D:11            Elf (0/3) Orc:2        Vaults (5/5) D:13
  Crypt (3/3) Vaults:2       Tomb (3/3) Crypt:3      Depths (4/4) D:15
    Zot (4/5) Depths:4

Altars:
Ashenzari
Cheibriados
Dithmenos
Elyvilon
Fedhas
Gozag
Hepliaklqana
Kikubaaqudgha
Makhleb
Nemelex Xobeh
Okawaru
Qazlal
Ru
Sif Muna
Trog
Uskayaw
Vehumet
Wu Jian
Xom
Yredelemnul
Zin
The Shining One
Jiyva

Shops:
D:5 [   D:6 ((   D:9 (   D:13 (   Orc:1 [   Orc:2 *(**   Vaults:1 *
Vaults:5 ??!?!?!   Depths:1 (**   Depths:3 ?*   Depths:4 ==:

Portals:
Hell: Depths:1 Depths:2 Depths:3 Depths:4
Abyss: Depths:2 Depths:3
Pandemonium: Depths:2 Depths:3 Depths:4
Ziggurat: Depths:4

Annotations:
D:5 1 runed translucent door, Crazy Yiuf
D:8 1 runed translucent door, qw's ghost, novice GrFi
D:13 2 runed translucent doors, qw's ghost, journeyman GrFi
Swamp:3 2 transporters, popps's ghost, adept MiBe
Swamp:4 3 runed translucent doors, qw's ghost, adept GrFi
Vaults:2 1 runed translucent door, qw's ghost, adept GrFi
Crypt:3 3 runed translucent doors, Fainec's ghost, veteran GrEE
Pan Cerebov


Message History

Cerebov is lightly wounded.
You are engulfed in blazing flames.
Your angel is engulfed in blazing flames.
Your angel dies!
Your angel dissolves into sparkling lights!
Cerebov hits you but does no damage.
A sun demon comes into view.
61497 ||| INVOKING Summon Divine Warrior.
You are momentarily dazzled by a brilliant light.
You are engulfed in blazing flames.
You block Cerebov's attack.
You hit Cerebov but do no damage. You headbutt Cerebov, but do no damage.
Cerebov is lightly wounded.
You slice the fire vortex!!
The fire vortex dissipates!
You are engulfed in blazing flames.
The balrug gestures at you.
The sticky flame hits you but does no damage.
You are covered in liquid flames!
You slice Cerebov!! You headbutt Cerebov.
Cerebov is lightly wounded.
You are engulfed in blazing flames.
You are covered in liquid flames!
Cerebov hits you but does no damage.
Your daeva is engulfed in blazing flames.
61500 ||| READING 10 scrolls of teleportation.
As you read the scroll of teleportation, it crumbles to dust.
You feel strangely unstable.
You are engulfed in blazing flames.
You are covered in liquid flames!
Cerebov hits you with the +6 sword of Cerebov {flame}!
Cerebov burns you.
The sword of Cerebov burns away your fire resistance.
61501 ||| DRINKING 3 potions of heal wounds.
You feel much better.
You are engulfed in blazing flames.
You are covered in liquid flames!
You block Cerebov's attack. The balrug gestures at you.
The bolt of fire hits you!! The fire burns you terribly!
You die...

, * ~ * , ~ ..
#~~~~...#
.##~~~~~..#.# .
"...~~~~..#.# ,
.2###....~~....#
..........[....+
* ,
.....0.0.0~....#
*
......&~A~~..#,
,
03...00@~~~).#,
0R~~~~~200...# ,
~~~~~~0000...# *
~~~~~~~..)...#
.~~~~~......##,
, ,
.[4~.......## ,
* * ....^..#####
* , ....... ,^ ,
, #...#. *


You could see Cerebov (fast, ally target), 2 balrugs, a sun demon, an orange
demon, an efreet and a friendly daeva (summoned).

Vanquished Creatures
  A dread lich (Vaults:4)
  Mara (Vaults:3)
  An orb of fire (Zot:2)
  An ancient lich (Vaults:5)
  Mennas (Pan)
  12 royal mummies
  A Killer Klown (Zot:3)
  Bai Suzhen (Crypt:3)
  the Lernaean hydra (Swamp:4)
  Frederick (Crypt:2)
  2 curse toes (Zot:3)
  Nikola (Spider:4)
  the Enchantress (Depths:3)
  5 golden dragons
  A bone dragon (Depths:4)
  4 Tzitzimimeh (Pan)
  Arachne (Spider:4)
  2 electric golems
  3 Brimstone Fiends (Pan)
  Rupert (Vaults:2)
  2 pandemonium lords (Pan)
  9 tentacled monstrosities
  Jorgrun (Spider:1)
  An Ice Fiend (Pan)
  Zenata (Crypt:2)
  6 liches
  4 Hell Sentinels (Pan)
  15 titans
  5 deep elf master archers
  A walking divine tome (Depths:4)
  4 quicksilver dragons
  4 deep elf blademasters
  8 ancient champions
  Gastronok (D:8)
  3 death cobs
  8 sphinxes
  A sphinx (shapeshifter) (Depths:2)
  4 Executioners (Pan)
  8 shadow dragons
  3 thorn hunters
  12 storm dragons
  2 demonspawn warmongers (Pan)
  9 tengu reavers
  10 revenants
  8 draconian monks
  Donald (Swamp:1)
  7 draconian knights
  23 fire giants
  17 frost giants
  14 draconian scorchers
  3 fenstrider witches (Swamp:4)
  2 emperor scorpions
  3 iron dragons
  7 balrugs (Pan)
  9 ghost moths
  3 cacodemons (Pan)
  A caustic shrike zombie (Crypt:2)
  15 vault wardens
  5 draconian shifters
  2 draconian stormcallers (Zot:2)
  2 curse skulls (Crypt:3)
  5 spriggan defenders
  2 orc warlords
  8 ghouls
  7 draconian annihilators
  Aizul (Swamp:3)
  A juggernaut zombie (Crypt:3)
  A juggernaut skeleton (Depths:1)
  2 broodmothers
  21 stone giants
  14 war gargoyles
  18 ironbound preservers
  3 demonspawn blood saints (Pan)
  8 vampire knights
  27 very ugly things
  A broodmother (shapeshifter) (Depths:2)
  5 bennus
  11 ironbound thunderhulks
  A demonspawn corrupter (Pan)
  8 green draconians
  2 lorocyprocas (Pan)
  3 eleionomae
  A reaper (Pan)
  3 deep elf demonologists
  4 dire elephants
  2 demonspawn black suns (Pan)
  11 white draconians
  2 deep elf annihilators (Vaults:5)
  9 purple draconians
  9 red draconians
  2 bunyips
  5 black draconians
  12 spark wasps
  9 yellow draconians
  4 eidola
  22 mummy priests
  A crystal guardian (Vaults:4)
  3 green deaths (Pan)
  3 blizzard demons
  6 deep elf death magi
  2 merfolk javelineers (Depths:4)
  8 ettins
  5 jiangshi
  A quicksilver dragon zombie (Vaults:4)
  Snorg (D:10)
  2 deep elf high priests
  Josephine (D:14)
  A spectral spriggan (Crypt:3)
  A shambling mangrove (Swamp:3)
  A great orb of eyes (shapeshifter) (Depths:2)
  8 fire dragons
  A spriggan zombie (Crypt:2)
  11 entropy weavers
  2 hell beasts
  6 rakshasas
  4 spriggan air magi
  Erolcha (D:9)
  A catoblepas (D:14)
  4 great orbs of eyes
  17 hydras
  Fannar (D:10)
  26 vault guards
  15 yaktaur captains
  A servant of whispers (Vaults:3)
  A quicksilver dragon skeleton (Crypt:1)
  3 ogre magi
  2 ghost crabs
  8 ice dragons
  4 peacekeepers
  A radroach (Spider:2)
  An Orb Guardian zombie (Crypt:1)
  A merfolk avatar (Lair:5)
  12 centaur warriors
  4 boulder beetles
  A radroach (shapeshifter) (Vaults:4)
  An anaconda (shapeshifter) (Vaults:4)
  5 jorogumos
  7 ironbound frosthearts
  A satyr (shapeshifter) (Depths:2)
  A jorogumo (shapeshifter) (Depths:2)
  12 two-headed ogres
  6 alligators
  4 death knights
  15 dancing weapons
  5 tengu warriors
  A titan zombie (Crypt:1)
  14 soul eaters
  A spectral dire elephant (Crypt:3)
  52 death scarabs
  9 death yaks
  24 sun demons (Pan)
  3 deep troll earth magi
  Sonja (Lair:3)
  A hell hog (Depths:1)
  9 vampire magi
  Nergalle (Orc:1)
  A hell knight (Depths:4)
  2 shock serpents (Depths:2)
  3 spriggan berserkers
  6 orc high priests
  19 spriggans
  A wretched star (Abyss:3)
  A storm dragon zombie (Depths:1)
  9 deep elf knights
  An iron troll (Depths:2)
  A titan skeleton (D:15)
  5 pharaoh ants
  11 shadow wraiths
  7 sixfirhies (Pan)
  23 skeletal warriors
  A spark wasp zombie (Depths:1)
  3 sun moths
  A salamander mystic (Depths:3)
  4 spriggan druids
  A sea snake (shapeshifter) (Depths:2)
  3 sea snakes (Lair:5)
  2 steelbarb worms (shapeshifter) (Depths:2)
  2 bunyip zombies (Swamp:4)
  A spectral anaconda (Crypt:3)
  A goliath frog (Swamp:3)
  7 glowing orange brains
  2 storm dragon skeletons
  7 flayed ghosts
  5 steelbarb worms
  14 bog bodies
  9 swamp dragons (Swamp:4)
  23 lindwurms
  A spriggan rider (Depths:3)
  A bunyip skeleton (Swamp:4)
  2 wizards
  13 orb spiders
  44 deep trolls
  12 starcursed masses (Abyss:3)
  6 deep elf archers
  4 harpies
  20 phantasmal warriors
  4 obsidian statues (Depths:2)
  7 necromancers
  A golden dragon skeleton (Crypt:1)
  An anaconda skeleton (Crypt:2)
  A harpy (shapeshifter) (Depths:2)
  A lindwurm (shapeshifter) (Vaults:5)
  3 orc sorcerers
  4 deep elf zephyrmancers
  15 wolf spiders
  18 ironbound convokers
  2 manticores (shapeshifter) (Depths:2)
  19 orc knights
  An oklob plant (Lair:5)
  7 deep elf pyromancers
  A mana viper (shapeshifter) (Depths:2)
  4 manticores
  5 will-o-the-wisps
  10 large abominations
  2 cyclopes
  26 ugly things
  5 elephants
  A worldbinder (Abyss:3)
  A spectral ettin (Crypt:3)
  23 moths of wrath
  2 salamanders (Depths:3)
  An elephant (shapeshifter) (Depths:2)
  A frost giant skeleton (Depths:1)
  2 water nymphs (shapeshifter) (Depths:2)
  A molten gargoyle (Depths:2)
  21 vault sentinels
  5 black mambas
  A fire giant skeleton (Depths:1)
  6 orange demons (Pan)
  12 smoke demons
  6 torpor snails
  9 cane toads
  3 hellions (Pan)
  Psyche (D:10)
  3 gargoyles
  11 freezing wraiths
  Maggie (D:8)
  A kobold demonologist (D:12)
  5 komodo dragons
  A yaktaur (shapeshifter) (Depths:2)
  44 yaktaurs
  An elephant slug zombie (Crypt:2)
  3 hellwings (Pan)
  2 rime drakes
  12 demonic crawlers
  A komodo dragon (shapeshifter) (Vaults:5)
  A purple draconian zombie (Crypt:2)
  2 tengu conjurers
  4 ice devils
  3 tormentors (Pan)
  A pale draconian skeleton (Crypt:3)
  41 guardian mummies
  4 red devils
  A hydra zombie (Tomb:2)
  An ancient zyme (Abyss:3)
  A death drake zombie (Crypt:3)
  An unseen horror skeleton (Crypt:1)
  10 trolls
  2 polar bears (Lair:5)
  3 wind drakes
  20 hornets
  9 tyrant leeches
  A queen bee (shapeshifter) (D:15)
  Grinder (D:4)
  2 saltlings (Vaults:3)
  19 blink frogs
  2 snapping turtles (Lair:5)
  42 tarantellas
  4 raiju
  A culicivora zombie (Crypt:3)
  58 slime creatures
  A dream sheep (shapeshifter) (Vaults:5)
  Prince Ribbit (D:8)
  9 dream sheep
  An ettin skeleton (Tomb:2)
  A centaur simulacrum (Crypt:2)
  23 culicivoras
  6 air elementals (Depths:2)
  30 flying skulls
  35 jumping spiders
  15 ynoxinuls (Pan)
  10 shadows
  17 wraiths
  4 wyverns
  14 ushabtiu
  2 vampires (D:13)
  2 spriggan skeletons
  11 water elementals
  An elf zombie (Vaults:4)
  61 yaks
  7 vampire mosquitoes
  4 fire elementals (Depths:2)
  48 redbacks
  13 neqoxecs (Pan)
  An alligator snapping turtle simulacrum (Crypt:2)
  6 chaos spawn
  9 basilisks
  4 steam dragons
  17 swamp worms
  4 wargs
  A fire bat zombie (Crypt:2)
  2 human zombies
  A two-headed ogre zombie (Crypt:3)
  Duvessa (D:5)
  A glowing shapeshifter zombie (Depths:1)
  17 water moccasins
  An acid dragon (D:12)
  2 floating eyes (shapeshifter) (Vaults:5)
  2 human skeletons
  A merfolk skeleton (Crypt:3)
  7 swamp drakes (Swamp:4)
  3 ice beasts
  54 orc warriors
  A swamp dragon zombie (Crypt:2)
  A sky beast (Abyss:3)
  A spriggan simulacrum (Swamp:4)
  3 hornet zombies
  2 black bears
  10 ogres
  2 small abominations (Abyss:3)
  11 wolves
  A torpor snail zombie (Crypt:1)
  13 centaurs
  A swamp dragon skeleton (Swamp:4)
  A snapping turtle skeleton (Crypt:2)
  5 kobold brigands
  9 bullfrogs
  7 necrophages
  A gnoll sergeant (D:5)
  5 earth elementals (Depths:2)
  8 scorpions
  5 wights (D:6)
  A yaktaur skeleton (Crypt:2)
  Dowan (D:5)
  6 killer bees (D:9)
  6 howler monkeys
  2 electric eels
  A gnoll bouda (D:8)
  2 hounds
  4 jellies
  34 orc priests
  Ijyb (D:4)
  5 iguanas
  22 orc wizards
  An acid dragon skeleton (Crypt:2)
  27 mummies
  11 gnolls
  A howler monkey skeleton (Crypt:1)
  13 adders
  A shadow imp (D:7)
  2 white imps
  3 ufetubi
  2 worms (D:2)
  7 dart slugs
  87 orcs
  8 ball pythons
  9 bats
  5 endoplasms
  5 giant cockroaches
  9 goblins
  9 hobgoblins
  9 jackals
  3 quokkas
  6 frilled lizards
  16 kobolds
  An orc zombie (Crypt:1)
  7 rats
  4 ball lightnings (Depths:2)
  A briar patch (Swamp:1)
  A bush (D:15)
  A butterfly (D:15)
  A fire vortex (Pan)
2578 creatures vanquished.

Vanquished Creatures (collateral kills)
  21 royal mummies
  A pandemonium lord (Pan)
  3 Tzitzimimeh (Pan)
  2 Hell Sentinels (Pan)
  A lich (Tomb:2)
  A deep elf blademaster (Tomb:2)
  A fire giant (Crypt:3)
  6 balrugs (Pan)
  2 stone giants
  A bennu (Tomb:2)
  3 lorocyprocas (Pan)
  A yellow draconian (Crypt:3)
  2 green deaths (Pan)
  9 mummy priests
  A dancing weapon (Pan)
  10 death scarabs
  5 sun demons (Pan)
  2 soul eaters (Pan)
  3 deep elf knights
  3 sixfirhies (Pan)
  A shadow wraith (Crypt:3)
  A flayed ghost (Crypt:3)
  2 phantasmal warriors (Crypt:3)
  A deep elf archer (Tomb:3)
  A deep elf pyromancer (Tomb:3)
  A deep elf zephyrmancer (Tomb:1)
  2 large abominations (Pan)
  An orange demon (Pan)
  A smoke demon (Pan)
  A demonic crawler (Pan)
  A hellion (Pan)
  8 guardian mummies
  A harpy skeleton (Tomb:3)
  A flying skull (Tomb:2)
  3 ynoxinuls (Pan)
  A wraith (Crypt:3)
  A shadow (Crypt:3)
  3 ushabtiu (Tomb:3)
  A neqoxec (Pan)
  A glowing shapeshifter zombie (Crypt:3)
  4 mummies (Tomb:2)
115 creatures vanquished.

Vanquished Creatures (others)
  A death cob (Zot:3)
  An ancient champion (Tomb:2)
  A demonspawn corrupter (Pan)
  A hydra (Swamp:4)
  2 alligators (Swamp:4)
  A dancing weapon (Pan)
  A soul eater (Pan)
  A shadow demon (Pan)
  A torpor snail (Spider:1)
  2 guardian mummies (Tomb:2)
  A bloated husk (Swamp:1)
  An air elemental (Depths:2)
  A swamp drake (Swamp:4)
  An orc warrior (Vaults:5)
  3 mummies (Tomb:2)
  8 ball lightnings (Depths:2)
  A briar patch (Swamp:1)
  2 bushes (D:15)
  2 demonic plants (Pan)
  12 foxfires
  20 fungi
  40 plants
  8 withered plants (D:15)
112 creatures vanquished.

Grand Total: 2805 creatures vanquished

Notes
Turn   | Place    | Note
-------+----------+-------------------------------------------
     0 | D:1      | qw the Gargoyle Fighter began the quest for the Orb.
     0 | D:1      | Reached XP level 1. HP: 14/14 MP: 1/1
     0 | D:1      | 0 ||| qw: Version: 0.2-a-12-gaebbb33
     0 | D:1      | 0 ||| qw: Game counter: 1566
     0 | D:1      | 0 ||| qw: Always use a shield: true
     0 | D:1      | 0 ||| qw: God list: Okawaru
     0 | D:1      | 0 ||| qw: Allow faded altars: false
     0 | D:1      | 0 ||| qw: Do Orc after D:15 true
     0 | D:1      | 0 ||| qw: Do second Lair branch before Depths: true
     0 | D:1      | 0 ||| qw: Lair rune preference: random
     0 | D:1      | 0 ||| qw: Plans: Normal, Zot:1-4, God:TSO, Crypt, Tomb,
                  | Pan, Slime:5, Hells, Abyss, Orb
     0 | D:1      | 0 ||| PLANNING D:1-11
    95 | D:1      | Reached XP level 2. HP: 19/19 MP: 2/2
    96 | D:1      | 96 ||| Stepping ~*~*~tactically~*~*~ (stealth).
   275 | D:1      | Reached skill level 3 in Axes
   356 | D:1      | Reached XP level 3. HP: 23/23 MP: 3/3
   725 | D:1      | 725 ||| READING scroll labelled QOISMU GINIHORGH.
   726 | D:1      | 726 ||| READING scroll labelled PAFAIFOU CIMIESOCW.
   726 | D:1      | Identified a scroll of acquirement
   726 | D:1      | 726 ||| ACQUIRING +5 cloak of the Valley {Rampage rN+
                  | Int-2}
   726 | D:1      | Acquired the +5 cloak of the Valley {Rampage rN+ Int-2}
   728 | D:1      | 728 ||| UPGRADING to +5 cloak of the Valley {Rampage rN+
                  | Int-2}.
   733 | D:1      | 733 ||| READING scroll labelled CAAGGI WUXTA.
   747 | D:2      | Reached skill level 1 in Throwing
   754 | D:2      | 754 ||| STAIRDANCE
   838 | D:2      | Reached XP level 4. HP: 28/28 MP: 4/4
  1450 | D:2      | 1450 ||| Stepping ~*~*~tactically~*~*~ (hiding).
  1594 | D:2      | 1594 ||| UPGRADING to +0 pair of gloves.
  1599 | D:2      | 1599 ||| UPGRADING to +4 ring of slaying {mikee}.
  1600 | D:2      | 1600 ||| READING scroll labelled ZAEWUI NASATI.
  1601 | D:2      | 1601 ||| READING scroll labelled FUTIEMAZEADD.
  1635 | D:3      | 1635 ||| STAIRDANCE
  1666 | D:3      | Found a bloodstained altar of Trog.
  1736 | D:3      | 1736 ||| READING scroll of brand weapon.
  1736 | D:3      | 1736 ||| BRANDING +0 war axe of protection.
  1737 | D:3      | 1737 ||| DROPPING +0 club.
  1739 | D:3      | Noticed a scorpion
  1745 | D:3      | Killed a scorpion
  1746 | D:3      | Reached XP level 5. HP: 32/32 MP: 5/5
  1783 | D:3      | 1783 ||| Stepping ~*~*~tactically~*~*~ (stealth).
  1792 | D:3      | 1792 ||| Stepping ~*~*~tactically~*~*~ (stealth).
  1793 | D:3      | 1793 ||| Stepping ~*~*~tactically~*~*~ (stealth).
  1834 | D:3      | 1834 ||| Stepping ~*~*~tactically~*~*~ (stealth).
  1873 | D:3      | 1873 ||| Stepping ~*~*~tactically~*~*~ (stealth).
  1875 | D:3      | 1875 ||| Stepping ~*~*~tactically~*~*~ (hiding).
  1885 | D:3      | HP: 4/32 [orc priest/divine providence (13)]
  1887 | D:3      | Reached XP level 6. HP: 5/38 MP: 6/6
  2304 | D:3      | 2304 ||| Stepping ~*~*~tactically~*~*~ (stealth).
  2371 | D:3      | 2371 ||| Stepping ~*~*~tactically~*~*~ (stealth).
  2585 | D:3      | 2585 ||| Stepping ~*~*~tactically~*~*~ (hiding).
  2596 | D:3      | Reached skill level 1 in Dodging
  2717 | D:3      | 2717 ||| UPGRADING to +0 ring mail of fire resistance.
  2727 | D:3      | 2727 ||| READING scroll labelled KARARE GOTYHUW.
  2730 | D:3      | 2730 ||| READING scroll labelled ECKUEF OTOHU.
  2731 | D:3      | 2731 ||| READING scroll labelled ISMO HOEME.
  2732 | D:3      | 2732 ||| DRINKING 2 green potions.
  2733 | D:3      | 2733 ||| READING 2 scrolls of identify.
  2733 | D:3      | 2733 ||| IDENTIFYING brown potion
  2848 | D:4      | Noticed Grinder
  2853 | D:4      | Paralysed by Grinder for 2 turns
  2859 | D:4      | Paralysed by Grinder for 2 turns
  2862 | D:4      | Killed Grinder
  2863 | D:4      | Reached skill level 6 in Axes
  2863 | D:4      | Reached XP level 7. HP: 18/43 MP: 7/7
  2961 | D:4      | 2961 ||| Stepping ~*~*~tactically~*~*~ (stealth).
  3164 | D:4      | Found an ornate altar of the Wu Jian Council.
  3341 | D:4      | 3341 ||| Stepping ~*~*~tactically~*~*~ (stealth).
  3342 | D:4      | 3342 ||| Stepping ~*~*~tactically~*~*~ (stealth).
  3378 | D:4      | Noticed Ijyb
  3379 | D:4      | 3379 ||| Stepping ~*~*~tactically~*~*~ (hiding).
  3400 | D:4      | HP: 8/43 [Ijyb/+0 club (8)]
  3401 | D:4      | 3401 ||| DRINKING 2 potions of heal wounds.
  3407 | D:4      | Killed Ijyb
  3738 | D:4      | Found a glowing golden altar of the Shining One.
  3744 | D:4      | Noticed an angel
  3760 | D:4      | Found a basalt altar of Yredelemnul.
  3761 | D:4      | Noticed a profane servitor
  3937 | D:4      | 3937 ||| READING scroll labelled XIAGHI INUCVOE.
  3938 | D:4      | 3938 ||| READING 2 scrolls of identify.
  3938 | D:4      | 3938 ||| IDENTIFYING pink potion
  3939 | D:4      | 3939 ||| DROPPING potion of flight.
  3968 | D:5      | Entered Level 5 of the Dungeon
  3981 | D:5      | Reached XP level 8. HP: 50/50 MP: 8/8
  4187 | D:5      | 4187 ||| Stepping ~*~*~tactically~*~*~ (hiding).
  4199 | D:5      | 4199 ||| FLEEEEING.
  4213 | D:5      | 4213 ||| Stepping ~*~*~tactically~*~*~ (stealth).
  4214 | D:5      | 4214 ||| Stepping ~*~*~tactically~*~*~ (stealth).
  4261 | D:5      | 4261 ||| Stepping ~*~*~tactically~*~*~ (hiding).
  4392 | D:5      | Reached skill level 6 in Fighting
  4394 | D:5      | Found a broken altar of Ashenzari.
  4669 | D:5      | Noticed Duvessa
  4669 | D:5      | Noticed Dowan
  4670 | D:5      | 4670 ||| Stepping ~*~*~tactically~*~*~ (hiding).
  4679 | D:5      | Killed Duvessa
  4683 | D:5      | 4683 ||| Stepping ~*~*~tactically~*~*~ (hiding).
  4689 | D:5      | Killed Dowan
  4934 | D:5      | Found Miejohoa's Antique Armour Boutique.
  4944 | D:5      | 4944 ||| BUYING chain mail (121 gold).
  4944 | D:5      | Bought a chain mail for 121 gold pieces
  4944 | D:5      | 4944 ||| SHOPLISTING encrusted plate armour (756 gold, have
                  | 221).
  4944 | D:5      | 4944 ||| BUYING runed chain mail (202 gold).
  4944 | D:5      | Bought a runed chain mail for 202 gold pieces
  5047 | D:5      | Found a runed translucent door.
  5048 | D:5      | Noticed Crazy Yiuf
  5149 | D:5      | Found a staircase to the Ecumenical Temple.
  5150 | D:5      | 5150 ||| PLANNING TEMPLE
  5150 | D:5      | 5150 ||| DROPPING +0 scale mail.
  5151 | D:5      | 5151 ||| UPGRADING to +0 chain mail.
  5161 | D:5      | 5161 ||| DROPPING +0 ring mail of fire resistance.
  5162 | D:5      | 5162 ||| UPGRADING to +3 chain mail of poison resistance.
  5172 | D:5      | 5172 ||| DROPPING +0 chain mail.
  5173 | D:5      | 5173 ||| READING scroll labelled UBODGHE HEEKORE.
  5182 | Temple   | Entered the Ecumenical Temple
  5251 | Temple   | 5251 ||| PLANNING D:1-11
  5479 | D:6      | 5479 ||| STAIRDANCE
  5482 | D:5      | Reached XP level 9. HP: 55/55 MP: 9/9
  5539 | D:6      | Reached skill level 9 in Axes
  5569 | D:6      | Found Xamoh's Weapon Boutique.
  5585 | D:6      | 5585 ||| Stepping ~*~*~tactically~*~*~ (stealth).
  5614 | D:6      | 5614 ||| Stepping ~*~*~tactically~*~*~ (stealth).
  5631 | D:6      | 5631 ||| Stepping ~*~*~tactically~*~*~ (hiding).
  5632 | D:6      | 5632 ||| Stepping ~*~*~tactically~*~*~ (hiding).
  5735 | D:6      | 5735 ||| Stepping ~*~*~tactically~*~*~ (stealth).
  5736 | D:6      | 5736 ||| Stepping ~*~*~tactically~*~*~ (stealth).
  5740 | D:6      | 5740 ||| Stepping ~*~*~tactically~*~*~ (stealth).
  5742 | D:6      | 5742 ||| Stepping ~*~*~tactically~*~*~ (stealth).
  5744 | D:6      | 5744 ||| Stepping ~*~*~tactically~*~*~ (hiding).
  5945 | D:6      | Found Pyppea's Weapon Boutique.
  5953 | D:6      | 5953 ||| SHOPLISTING +2 war axe of freezing (237 gold, have
                  | 76).
  6039 | D:6      | 6039 ||| DRINKING 2 sedimented ruby potions.
  6190 | D:7      | Noticed a two-headed ogre
  6203 | D:7      | Killed a two-headed ogre
  6434 | D:7      | Reached XP level 10. HP: 63/63 MP: 10/10
  6951 | D:7      | 6951 ||| READING scroll labelled RIUFISS MOSH.
  6952 | D:7      | 6952 ||| READING 3 scrolls of identify.
  6952 | D:7      | 6952 ||| IDENTIFYING sedimented clear potion
  6953 | D:7      | 6953 ||| READING 2 scrolls of identify.
  6953 | D:7      | 6953 ||| IDENTIFYING emerald potion
  6954 | D:7      | 6954 ||| DROPPING potion of invisibility.
  6955 | D:7      | 6955 ||| DROPPING potion of brilliance.
  7004 | D:8      | 7004 ||| Stepping ~*~*~tactically~*~*~ (hiding).
  7170 | D:8      | Reached skill level 3 in Throwing
  7172 | D:8      | 7172 ||| Stepping ~*~*~tactically~*~*~ (stealth).
  7179 | D:8      | 7179 ||| FLEEEEING.
  7180 | D:8      | 7180 ||| FLEEEEING.
  7181 | D:8      | 7181 ||| FLEEEEING.
  7187 | D:8      | 7187 ||| STAIRDANCE
  7240 | D:7      | 7240 ||| UPGRADING to +1 hat.
  7245 | D:7      | 7245 ||| DRINKING 2 red potions.
  7298 | D:8      | Identified the +4 hand axe of the Lame Duck {spect, Drain
                  | *Slow rN+++ rCorr}
  7300 | D:8      | Identified the ring of Hupack {Fly Dex+3}
  7327 | D:8      | Found a snail-covered altar of Cheibriados.
  7333 | D:8      | Found a shimmering altar of Xom.
  7353 | D:8      | 7353 ||| Stepping ~*~*~tactically~*~*~ (stealth).
  7355 | D:8      | 7355 ||| Stepping ~*~*~tactically~*~*~ (stealth).
  7363 | D:8      | 7363 ||| Stepping ~*~*~tactically~*~*~ (stealth).
  7368 | D:8      | Reached skill level 6 in Armour
  7408 | D:8      | Noticed Prince Ribbit
  7423 | D:8      | Killed Prince Ribbit
  7595 | D:8      | 7595 ||| Stepping ~*~*~tactically~*~*~ (hiding).
  7602 | D:8      | 7602 ||| Stepping ~*~*~tactically~*~*~ (cloud).
  7606 | D:8      | 7606 ||| FLEEEEING.
  7618 | D:8      | 7618 ||| FLEEEEING.
  7619 | D:8      | 7619 ||| FLEEEEING.
  7621 | D:8      | 7621 ||| FLEEEEING.
  7632 | D:8      | 7632 ||| FLEEEEING.
  7633 | D:8      | 7633 ||| FLEEEEING.
  7634 | D:8      | 7634 ||| FLEEEEING.
  7635 | D:8      | 7635 ||| FLEEEEING.
  7636 | D:8      | 7636 ||| FLEEEEING.
  7637 | D:8      | 7637 ||| FLEEEEING.
  7638 | D:8      | 7638 ||| Stepping ~*~*~tactically~*~*~ (hiding).
  7697 | D:8      | Noticed Maggie
  7716 | D:8      | HP: 16/64 [something (2)]
  7719 | D:8      | Killed Maggie
  7986 | D:8      | Noticed Gastronok
  7987 | D:8      | 7987 ||| Stepping ~*~*~tactically~*~*~ (hiding).
  7999 | D:8      | HP: 13/64 [Gastronok (14)]
  8000 | D:8      | 8000 ||| READING 5 scrolls of teleportation.
  8001 | D:8      | 8001 ||| DRINKING potion of heal wounds.
  8143 | D:8      | Found a runed translucent door.
  8146 | D:8      | Noticed qw's ghost (novice GrFi)
  8147 | D:8      | Identified the +5 trident of Vengeance {freeze, rPois rF-
                  | Will+ Int+8}
  8159 | D:8      | 8159 ||| Stepping ~*~*~tactically~*~*~ (stealth).
  8163 | D:8      | 8163 ||| Stepping ~*~*~tactically~*~*~ (hiding).
  8165 | D:8      | 8165 ||| Stepping ~*~*~tactically~*~*~ (hiding).
  8177 | D:8      | Killed Gastronok
  8323 | D:8      | 8323 ||| UPGRADING to +2 hat of stealth.
  8333 | D:8      | 8333 ||| DROPPING +1 hat.
  8334 | D:8      | 8334 ||| UPGRADING to ring of Hupack {Fly Dex+3}.
  8335 | D:8      | 8335 ||| UPGRADING to ring of willpower.
  8337 | D:8      | 8337 ||| READING 2 scrolls of identify.
  8337 | D:8      | 8337 ||| IDENTIFYING smoky blue potion
  8338 | D:8      | 8338 ||| DROPPING potion of berserk rage.
  8389 | D:9      | 8389 ||| Stepping ~*~*~tactically~*~*~ (cloud).
  8391 | D:9      | Found a sacrificial altar of Ru.
  8430 | D:9      | Found a shadowy altar of Dithmenos.
  8431 | D:9      | Found a shimmering blue altar of Sif Muna.
  8431 | D:9      | Found a sparkling altar of Nemelex Xobeh.
  8432 | D:9      | Found a blossoming altar of Fedhas.
  8434 | D:9      | Found a white marble altar of Elyvilon.
  8493 | D:9      | Reached XP level 11. HP: 69/69 MP: 11/11
  8497 | D:9      | 8497 ||| Stepping ~*~*~tactically~*~*~ (stealth).
  8502 | D:9      | 8502 ||| Stepping ~*~*~tactically~*~*~ (stealth).
  8503 | D:9      | 8503 ||| Stepping ~*~*~tactically~*~*~ (stealth).
  8507 | D:9      | Reached skill level 9 in Fighting
  8683 | D:9      | Found the +5 glaive of the Guard {elec, spectral, AC+5}
  8791 | D:9      | Noticed Erolcha
  8801 | D:9      | Killed Erolcha
  9028 | D:9      | Found Ganec's Weapon Boutique.
  9238 | D:9      | Reached skill level 12 in Axes
  9291 | D:9      | 9291 ||| Stepping ~*~*~tactically~*~*~ (stealth).
  9578 | D:9      | Found an iron altar of Okawaru.
  9595 | D:9      | 9595 ||| READING 3 scrolls labelled ZINUFOSIAXT.
  9596 | D:9      | 9596 ||| DROPPING 2 scrolls of magic mapping.
  9619 | D:9      | 9619 ||| PLANNING OKAWARU WORSHIP
  9619 | D:9      | Became a worshipper of Warmaster Okawaru
  9620 | D:9      | 9620 ||| PLANNING D:1-11
  9661 | D:10     | Entered Level 10 of the Dungeon
  9672 | D:10     | Noticed Psyche
  9673 | D:10     | Noticed a two-headed ogre
  9677 | D:10     | Noticed Snorg
  9683 | D:10     | Killed Psyche
  9686 | D:10     | Killed a two-headed ogre
  9698 | D:10     | Killed Snorg
  9698 | D:10     | Reached * piety under Okawaru
  9699 | D:10     | Reached skill level 6 in Shields
  9711 | D:10     | 9711 ||| FLEEEEING.
  9714 | D:10     | 9714 ||| STAIRDANCE
  9980 | D:10     | 9980 ||| Stepping ~*~*~tactically~*~*~ (stealth).
  9982 | D:10     | 9982 ||| Stepping ~*~*~tactically~*~*~ (hiding).
 10022 | D:10     | 10022 ||| Stepping ~*~*~tactically~*~*~ (hiding).
 10023 | D:10     | 10023 ||| Stepping ~*~*~tactically~*~*~ (hiding).
 10091 | D:10     | 10091 ||| INVOKING Heroism.
 10099 | D:10     | Reached skill level 1 in Invocations
 10151 | D:10     | 10151 ||| Stepping ~*~*~tactically~*~*~ (stealth).
 10154 | D:10     | 10154 ||| INVOKING Heroism.
 10155 | D:10     | Found a staircase to the Lair.
 10165 | D:10     | Reached skill level 2 in Invocations
 10166 | D:10     | Reached ** piety under Okawaru
 10183 | D:10     | 10183 ||| Stepping ~*~*~tactically~*~*~ (stealth).
 10190 | D:10     | Noticed Fannar
 10206 | D:10     | Killed Fannar
 10207 | D:10     | Reached skill level 3 in Invocations
 10287 | D:10     | Noticed an ogre mage
 10287 | D:10     | Noticed a two-headed ogre
 10287 | D:10     | Noticed a two-headed ogre
 10287 | D:10     | Noticed a two-headed ogre
 10288 | D:10     | 10288 ||| Stepping ~*~*~tactically~*~*~ (hiding).
 10292 | D:10     | 10292 ||| INVOKING Heroism.
 10298 | D:10     | Killed an ogre mage
 10299 | D:10     | Reached skill level 4 in Invocations
 10299 | D:10     | Reached XP level 12. HP: 53/77 MP: 11/15
 10306 | D:10     | Killed a two-headed ogre
 10312 | D:10     | Killed a two-headed ogre
 10312 | D:10     | Reached *** piety under Okawaru
 10318 | D:10     | Killed a two-headed ogre
 10331 | D:10     | Noticed a two-headed ogre
 10332 | D:10     | 10332 ||| FLEEEEING.
 10333 | D:10     | 10333 ||| INVOKING Heroism.
 10338 | D:10     | Killed a two-headed ogre
 10851 | D:10     | 10851 ||| READING scroll of enchant armour.
 10851 | D:10     | 10851 ||| ENCHANTING +0 pair of gloves.
 10940 | D:10     | 10940 ||| PLANNING LAIR
 10940 | D:10     | 10940 ||| UPGRADING to +0 pair of boots.
 10945 | D:10     | 10945 ||| UPGRADING to +0 plate armour.
 10955 | D:10     | 10955 ||| DROPPING +3 chain mail of poison resistance.
 10956 | D:10     | 10956 ||| DROPPING orb of wrath.
 10957 | D:10     | 10957 ||| DROPPING ring of Hupack {Fly Dex+3}.
 10958 | D:10     | 10958 ||| UPGRADING to +4 ring of protection.
 10960 | D:10     | 10960 ||| DROPPING ring of willpower.
 10961 | D:10     | 10961 ||| READING scroll labelled IMADUY HUQI.
 11062 | D:10     | 11062 ||| READING scroll labelled RAZAMA BIREPH.
 11104 | Lair:1   | Entered Level 1 of the Lair of Beasts
 11147 | Lair:1   | 11147 ||| Stepping ~*~*~tactically~*~*~ (stealth).
 11317 | Lair:1   | 11317 ||| Stepping ~*~*~tactically~*~*~ (stealth).
 11318 | Lair:1   | 11318 ||| Stepping ~*~*~tactically~*~*~ (stealth).
 11323 | Lair:1   | Reached **** piety under Okawaru
 11566 | Lair:1   | 11566 ||| Stepping ~*~*~tactically~*~*~ (hiding).
 11732 | Lair:1   | Reached skill level 5 in Invocations
 11822 | Lair:1   | 11822 ||| INVOKING Heroism.
 11838 | Lair:1   | Reached skill level 9 in Armour
 12140 | Lair:1   | 12140 ||| READING 2 scrolls of identify.
 12140 | Lair:1   | 12140 ||| IDENTIFYING clear potion
 12141 | Lair:1   | 12141 ||| DROPPING potion of degeneration.
 12220 | Lair:2   | 12220 ||| INVOKING Heroism.
 12234 | Lair:2   | Reached skill level 6 in Invocations
 12239 | Lair:2   | 12239 ||| INVOKING Heroism.
 12380 | Lair:2   | 12380 ||| INVOKING Heroism.
 12545 | Lair:2   | Noticed an eight-headed hydra
 12546 | Lair:2   | 12546 ||| INVOKING Heroism.
 12554 | Lair:2   | Killed a four-headed hydra
 12555 | Lair:2   | Reached skill level 7 in Invocations
 12578 | Lair:2   | Found a staircase to the Swamp.
 12655 | Lair:2   | 12655 ||| Stepping ~*~*~tactically~*~*~ (hiding).
 12721 | Lair:2   | 12721 ||| INVOKING Heroism.
 12728 | Lair:2   | Reached ***** piety under Okawaru
 12729 | Lair:2   | Reached XP level 13. HP: 79/82 MP: 16/18
 12889 | Lair:2   | Found a hole to the Spider Nest.
 12890 | Lair:2   | 12890 ||| INVOKING Finesse.
 12892 | Lair:2   | 12892 ||| READING 2 scrolls of identify.
 12892 | Lair:2   | 12892 ||| IDENTIFYING bubbling green potion
 12893 | Lair:2   | 12893 ||| READING 6 scrolls of teleportation.
 12894 | Lair:2   | 12894 ||| Stepping randomly (stuck).
 12944 | Lair:2   | Reached skill level 8 in Invocations
 12978 | Lair:2   | 12978 ||| READING 5 scrolls of teleportation.
 12979 | Lair:2   | 12979 ||| FLEEEEING.
 12980 | Lair:2   | 12980 ||| FLEEEEING.
 13003 | Lair:2   | 13003 ||| READING 4 scrolls of teleportation.
 13005 | Lair:2   | 13005 ||| FLEEEEING.
 13016 | Lair:2   | 13016 ||| READING 3 scrolls of teleportation.
 13017 | Lair:2   | 13017 ||| FLEEEEING.
 13018 | Lair:2   | 13018 ||| FLEEEEING.
 13080 | Lair:2   | 13080 ||| FLEEEEING.
 13081 | Lair:2   | 13081 ||| FLEEEEING.
 13082 | Lair:2   | 13082 ||| FLEEEEING.
 13371 | Lair:3   | 13371 ||| INVOKING Heroism.
 13454 | Lair:3   | 13454 ||| FLEEEEING.
 13455 | Lair:3   | 13455 ||| STAIRDANCE
 13531 | Lair:3   | 13531 ||| STAIRDANCE
 13608 | Lair:3   | 13608 ||| INVOKING Heroism.
 13609 | Lair:3   | 13609 ||| Stepping ~*~*~tactically~*~*~ (stealth).
 13617 | Lair:3   | Received a gift from Okawaru
 13717 | Lair:3   | 13717 ||| INVOKING Heroism.
 13719 | Lair:3   | 13719 ||| Stepping ~*~*~tactically~*~*~ (stealth).
 13726 | Lair:3   | Reached skill level 9 in Invocations
 13770 | Lair:3   | Noticed Sonja
 13780 | Lair:3   | Killed Sonja
 13951 | Lair:3   | 13951 ||| READING scroll of enchant weapon.
 13951 | Lair:3   | 13951 ||| ENCHANTING +1 war axe of flaming.
 14418 | Lair:3   | 14418 ||| DRINKING 2 silvery potions.
 14418 | Lair:3   | Gained mutation: You have a pair of small horns on your
                  | head. [potion of mutation]
 14419 | Lair:3   | 14419 ||| READING 2 scrolls of identify.
 14419 | Lair:3   | 14419 ||| IDENTIFYING puce potion
 14420 | Lair:3   | 14420 ||| DROPPING potion of ambrosia.
 14440 | Lair:4   | 14440 ||| INVOKING Heroism.
 14442 | Lair:4   | 14442 ||| STAIRDANCE
 14663 | Lair:4   | 14663 ||| Stepping ~*~*~tactically~*~*~ (stealth).
 14665 | Lair:4   | 14665 ||| INVOKING Heroism.
 14719 | Lair:4   | Found a staircase to the Slime Pits.
 14719 | Lair:4   | Found a viscous altar of Jiyva.
 14822 | Lair:4   | 14822 ||| INVOKING Heroism.
 14835 | Lair:4   | Identified the +0 pair of boots of Truth {rF- Regen+ Str+3}
                  | (Okawaru gifted it to you on level 4 of the Lair of Beasts)
 14835 | Lair:4   | Received a gift from Okawaru
 14840 | Lair:4   | Reached skill level 10 in Invocations
 15032 | Lair:4   | 15032 ||| INVOKING Heroism.
 15119 | Lair:4   | 15119 ||| Stepping ~*~*~tactically~*~*~ (hiding).
 15120 | Lair:4   | 15120 ||| Stepping ~*~*~tactically~*~*~ (hiding).
 15125 | Lair:4   | 15125 ||| INVOKING Heroism.
 15322 | Lair:4   | 15322 ||| UPGRADING to +0 pair of boots of Truth {rF-
                  | Regen+ Str+3}.
 15332 | Lair:4   | 15332 ||| READING scroll labelled SABAT HAAHYA.
 15333 | Lair:4   | 15333 ||| READING 3 scrolls of identify.
 15333 | Lair:4   | 15333 ||| IDENTIFYING sedimented coppery potion
 15342 | Lair:5   | Entered Level 5 of the Lair of Beasts
 15343 | Lair:5   | 15343 ||| INVOKING Heroism.
 15345 | Lair:5   | 15345 ||| STAIRDANCE
 15356 | Lair:5   | 15356 ||| STAIRDANCE
 15395 | Lair:5   | 15395 ||| STAIRDANCE
 15397 | Lair:4   | 15397 ||| INVOKING Heroism.
 15471 | Lair:5   | 15471 ||| FLEEEEING.
 15472 | Lair:5   | 15472 ||| FLEEEEING.
 15474 | Lair:5   | 15474 ||| INVOKING Heroism.
 15475 | Lair:5   | 15475 ||| Stepping ~*~*~tactically~*~*~ (stealth).
 15480 | Lair:5   | 15480 ||| Stepping ~*~*~tactically~*~*~ (stealth).
 15481 | Lair:5   | 15481 ||| Stepping ~*~*~tactically~*~*~ (stealth).
 15522 | Lair:5   | 15522 ||| Stepping ~*~*~tactically~*~*~ (stealth).
 15542 | Lair:5   | 15542 ||| Stepping ~*~*~tactically~*~*~ (hiding).
 15550 | Lair:5   | 15550 ||| Stepping ~*~*~tactically~*~*~ (stealth).
 15551 | Lair:5   | 15551 ||| INVOKING Heroism.
 15561 | Lair:5   | 15561 ||| Stepping ~*~*~tactically~*~*~ (hiding).
 15562 | Lair:5   | 15562 ||| Stepping ~*~*~tactically~*~*~ (stealth).
 15563 | Lair:5   | 15563 ||| Stepping ~*~*~tactically~*~*~ (hiding).
 15580 | Lair:5   | Gained mutation: Your large and strong wings let you fly.
                  | [Gargoyle growth]
 15580 | Lair:5   | Reached XP level 14. HP: 78/90 MP: 21/21
 15814 | Lair:5   | Reached skill level 15 in Axes
 15853 | Lair:5   | 15853 ||| INVOKING Heroism.
 15879 | Lair:5   | Identified the +5 glaive "Catol" {flame, Fly} (Okawaru
                  | gifted it to you on level 5 of the Lair of Beasts)
 15879 | Lair:5   | Received a gift from Okawaru
 15973 | Lair:5   | 15973 ||| Stepping ~*~*~tactically~*~*~ (stealth).
 16128 | Lair:5   | 16128 ||| INVOKING Heroism.
 16130 | Lair:5   | 16130 ||| INVOKING Finesse.
 16185 | Lair:5   | 16185 ||| INVOKING Heroism.
 16186 | Lair:5   | 16186 ||| INVOKING Finesse.
 16282 | Lair:5   | 16282 ||| INVOKING Heroism.
 16283 | Lair:5   | 16283 ||| INVOKING Finesse.
 16330 | Lair:5   | Identified the +8 rapier of Fotout Limo {vorpal, rPois rN+
                  | Int+2}
 16391 | Lair:5   | Found a broken altar of Ashenzari.
 16456 | Lair:5   | 16456 ||| Stepping ~*~*~tactically~*~*~ (stealth).
 16458 | Lair:5   | 16458 ||| INVOKING Heroism.
 16459 | Lair:5   | 16459 ||| INVOKING Finesse.
 16467 | Lair:5   | Reached skill level 12 in Fighting
 16532 | Lair:5   | 16532 ||| INVOKING Heroism.
 16819 | Lair:5   | 16819 ||| PLANNING D:1-11
 16819 | Lair:5   | 16819 ||| DROPPING +4 ring of evasion.
 16820 | Lair:5   | 16820 ||| READING 2 scrolls of identify.
 16820 | Lair:5   | 16820 ||| IDENTIFYING bubbling cyan potion
 17191 | D:11     | 17191 ||| Stepping ~*~*~tactically~*~*~ (hiding).
 17200 | D:11     | 17200 ||| DRINKING 10 potions of curing.
 17200 | D:11     | 17200 ||| (to cure confusion)
 17204 | D:11     | 17204 ||| Stepping ~*~*~tactically~*~*~ (stealth).
 17206 | D:11     | 17206 ||| Stepping ~*~*~tactically~*~*~ (stealth).
 17215 | D:11     | 17215 ||| Stepping ~*~*~tactically~*~*~ (stealth).
 17221 | D:11     | 17221 ||| Stepping ~*~*~tactically~*~*~ (stealth).
 17225 | D:11     | 17225 ||| Stepping ~*~*~tactically~*~*~ (hiding).
 17236 | D:11     | 17236 ||| Stepping ~*~*~tactically~*~*~ (hiding).
 17244 | D:11     | 17244 ||| INVOKING Heroism.
 17247 | D:11     | 17247 ||| Stepping ~*~*~tactically~*~*~ (hiding).
 17254 | D:11     | 17254 ||| Stepping ~*~*~tactically~*~*~ (hiding).
 17257 | D:11     | 17257 ||| DRINKING 9 potions of curing.
 17257 | D:11     | 17257 ||| (to cure confusion)
 17259 | D:11     | 17259 ||| Stepping ~*~*~tactically~*~*~ (hiding).
 17297 | D:11     | Found a staircase to the Orcish Mines.
 17380 | D:11     | 17380 ||| Stepping ~*~*~tactically~*~*~ (hiding).
 17408 | D:11     | 17408 ||| Stepping ~*~*~tactically~*~*~ (stealth).
 17414 | D:11     | 17414 ||| Stepping ~*~*~tactically~*~*~ (stealth).
 17415 | D:11     | 17415 ||| Stepping ~*~*~tactically~*~*~ (stealth).
 17665 | D:11     | 17665 ||| PLANNING D
 17665 | D:11     | 17665 ||| DROPPING orb of guile.
 17666 | D:11     | 17666 ||| DROPPING +6 ring of strength.
 17717 | D:12     | 17717 ||| INVOKING Heroism.
 18132 | D:12     | Found the +6 shillelagh "Devastator" {shatter}
 18134 | D:12     | 18134 ||| Stepping ~*~*~tactically~*~*~ (hiding).
 18147 | D:12     | 18147 ||| INVOKING Heroism.
 18282 | D:12     | Received a gift from Okawaru
 18336 | D:12     | 18336 ||| Stepping ~*~*~tactically~*~*~ (hiding).
 18337 | D:12     | 18337 ||| Stepping ~*~*~tactically~*~*~ (hiding).
 18501 | D:13     | Noticed qw's ghost (journeyman GrFi)
 18501 | D:13     | Found a large runed translucent door.
 18501 | D:13     | Found a large runed translucent door.
 18502 | D:13     | 18502 ||| Stepping ~*~*~tactically~*~*~ (hiding).
 18503 | D:13     | 18503 ||| Stepping ~*~*~tactically~*~*~ (hiding).
 18518 | D:13     | 18518 ||| INVOKING Heroism.
 18533 | D:13     | 18533 ||| Stepping ~*~*~tactically~*~*~ (stealth).
 18534 | D:13     | 18534 ||| Stepping ~*~*~tactically~*~*~ (stealth).
 18539 | D:13     | 18539 ||| Stepping ~*~*~tactically~*~*~ (stealth).
 18546 | D:13     | 18546 ||| Stepping ~*~*~tactically~*~*~ (stealth).
 18562 | D:13     | Received a gift from Okawaru
 18679 | D:13     | Found Effygo's Weapon Shop.
 18747 | D:13     | 18747 ||| INVOKING Heroism.
 18757 | D:13     | Reached XP level 15. HP: 91/96 MP: 20/22
 18814 | D:13     | 18814 ||| DRINKING 8 potions of curing.
 18814 | D:13     | 18814 ||| (to cure confusion)
 18874 | D:13     | 18874 ||| Stepping ~*~*~tactically~*~*~ (hiding).
 18883 | D:13     | Received a gift from Okawaru
 18890 | D:13     | Found a gate to the Vaults.
 18948 | D:13     | 18948 ||| Stepping ~*~*~tactically~*~*~ (stealth).
 18957 | D:13     | Received a gift from Okawaru
 18962 | D:13     | Reached skill level 12 in Armour
 19201 | D:13     | You are sucked into a shaft and drop 2 floors!
 19201 | D:15     | Entered Level 15 of the Dungeon
 19236 | D:15     | Found a white marble altar of Elyvilon.
 19237 | D:15     | 19237 ||| INVOKING Heroism.
 19238 | D:15     | 19238 ||| SWAPPING to +0 broad axe.
 19311 | D:15     | 19311 ||| Stepping ~*~*~tactically~*~*~ (stealth).
 19327 | D:15     | 19327 ||| DROPPING ring of ice.
 19328 | D:15     | 19328 ||| READING scroll labelled FOETHR JIUG.
 19343 | D:14     | 19343 ||| INVOKING Heroism.
 19352 | D:14     | HP: 22/96 [red ugly thing (8)]
 19352 | D:14     | HP: 4/96 [red ugly thing (18)]
 19353 | D:14     | 19353 ||| READING 5 scrolls of teleportation.
 19354 | D:14     | 19354 ||| DRINKING 2 potions of heal wounds.
 19361 | D:14     | HP: 8/96 [red ugly thing (22)]
 19362 | D:14     | 19362 ||| READING 4 scrolls of teleportation.
 19363 | D:14     | 19363 ||| DRINKING potion of heal wounds.
 19365 | D:14     | Received a gift from Okawaru
 19368 | D:14     | 19368 ||| INVOKING Heroism.
 19431 | D:14     | 19431 ||| SWAPPING to +1 broad axe of flaming.
 19432 | D:14     | 19432 ||| DROPPING +2 war axe of flaming.
 19433 | D:14     | 19433 ||| DROPPING +0 broad axe.
 19452 | D:14     | 19452 ||| Stepping ~*~*~tactically~*~*~ (hiding).
 19506 | D:14     | 19506 ||| Stepping ~*~*~tactically~*~*~ (stealth).
 19507 | D:14     | 19507 ||| Stepping ~*~*~tactically~*~*~ (stealth).
 19508 | D:14     | 19508 ||| Stepping ~*~*~tactically~*~*~ (stealth).
 19509 | D:14     | 19509 ||| Stepping ~*~*~tactically~*~*~ (stealth).
 19511 | D:14     | 19511 ||| INVOKING Heroism.
 19520 | D:14     | Noticed Josephine
 19528 | D:14     | Killed Josephine
 19529 | D:14     | Reached skill level 6 in Throwing
 19901 | D:14     | 19901 ||| INVOKING Heroism.
 19988 | D:14     | 19988 ||| INVOKING Heroism.
 20035 | D:14     | 20035 ||| Stepping ~*~*~tactically~*~*~ (stealth).
 20333 | D:14     | 20333 ||| INVOKING Heroism.
 20342 | D:14     | Identified the +6 executioner's axe "Epliofaa" {freeze, Fly
                  | Str+5 Dex-5} (Okawaru gifted it to you on level 14 of the
                  | Dungeon)
 20342 | D:14     | Received a gift from Okawaru
 20563 | D:15     | 20563 ||| Stepping ~*~*~tactically~*~*~ (stealth).
 20565 | D:15     | 20565 ||| Stepping ~*~*~tactically~*~*~ (stealth).
 20567 | D:15     | 20567 ||| Stepping ~*~*~tactically~*~*~ (stealth).
 20580 | D:15     | 20580 ||| INVOKING Heroism.
 20599 | D:15     | 20599 ||| Stepping ~*~*~tactically~*~*~ (stealth).
 20626 | D:15     | 20626 ||| Stepping ~*~*~tactically~*~*~ (stealth).
 20626 | D:15     | Found a staircase to the Depths.
 20627 | D:15     | 20627 ||| Stepping ~*~*~tactically~*~*~ (hiding).
 20629 | D:15     | 20629 ||| Stepping ~*~*~tactically~*~*~ (hiding).
 20632 | D:15     | 20632 ||| Stepping ~*~*~tactically~*~*~ (hiding).
 20636 | D:15     | 20636 ||| Stepping ~*~*~tactically~*~*~ (hiding).
 20643 | D:15     | 20643 ||| INVOKING Heroism.
 20661 | D:15     | 20661 ||| Stepping ~*~*~tactically~*~*~ (stealth).
 20663 | D:15     | 20663 ||| Stepping ~*~*~tactically~*~*~ (stealth).
 20664 | D:15     | 20664 ||| Stepping ~*~*~tactically~*~*~ (stealth).
 20665 | D:15     | 20665 ||| Stepping ~*~*~tactically~*~*~ (stealth).
 20666 | D:15     | 20666 ||| Stepping ~*~*~tactically~*~*~ (stealth).
 20745 | D:15     | 20745 ||| Stepping ~*~*~tactically~*~*~ (stealth).
 20747 | D:15     | 20747 ||| Stepping ~*~*~tactically~*~*~ (stealth).
 20837 | D:15     | Found a sparkling altar of Nemelex Xobeh.
 20874 | D:15     | 20874 ||| INVOKING Heroism.
 20946 | D:15     | 20946 ||| INVOKING Heroism.
 21014 | D:15     | 21014 ||| Stepping ~*~*~tactically~*~*~ (hiding).
 21020 | D:15     | 21020 ||| INVOKING Heroism.
 21026 | D:15     | HP: 19/98 [mirror damage (12)]
 21027 | D:15     | 21027 ||| READING 3 scrolls of teleportation.
 21142 | D:15     | Received a gift from Okawaru
 21207 | D:15     | 21207 ||| Stepping ~*~*~tactically~*~*~ (hiding).
 21208 | D:15     | 21208 ||| Stepping ~*~*~tactically~*~*~ (hiding).
 21212 | D:15     | 21212 ||| INVOKING Heroism.
 21221 | D:15     | Reached XP level 16. HP: 104/104 MP: 21/23
 21350 | D:15     | 21350 ||| INVOKING Heroism.
 21397 | D:15     | 21397 ||| PLANNING ORC
 21501 | Orc:1    | Entered Level 1 of the Orcish Mines
 21511 | Orc:1    | Noticed Nergalle
 21512 | Orc:1    | Found Queg's Antique Armour Shop.
 21517 | Orc:1    | Killed Nergalle
 21541 | Orc:1    | 21541 ||| INVOKING Heroism.
 21544 | Orc:1    | 21544 ||| Stepping ~*~*~tactically~*~*~ (hiding).
 21559 | Orc:1    | 21559 ||| BUYING runed orb (372 gold).
 21559 | Orc:1    | Bought a runed orb for 372 gold pieces
 21618 | Orc:1    | 21618 ||| Stepping ~*~*~tactically~*~*~ (stealth).
 21621 | Orc:1    | 21621 ||| Stepping ~*~*~tactically~*~*~ (hiding).
 21623 | Orc:1    | 21623 ||| INVOKING Heroism.
 21624 | Orc:1    | 21624 ||| INVOKING Finesse.
 21628 | Orc:1    | 21628 ||| Stepping ~*~*~tactically~*~*~ (hiding).
 21699 | Orc:1    | 21699 ||| Stepping ~*~*~tactically~*~*~ (stealth).
 21721 | Orc:1    | 21721 ||| Stepping ~*~*~tactically~*~*~ (hiding).
 21723 | Orc:1    | 21723 ||| Stepping ~*~*~tactically~*~*~ (hiding).
 21736 | Orc:1    | 21736 ||| INVOKING Heroism.
 21769 | Orc:1    | 21769 ||| Stepping ~*~*~tactically~*~*~ (hiding).
 21800 | Orc:1    | 21800 ||| INVOKING Heroism.
 21834 | Orc:1    | Identified the +1 helmet of Hysteria {Fly rN+ Str+2 Dex+4}
 21846 | Orc:1    | 21846 ||| INVOKING Heroism.
 21847 | Orc:1    | 21847 ||| Stepping ~*~*~tactically~*~*~ (hiding).
 21849 | Orc:1    | 21849 ||| Stepping ~*~*~tactically~*~*~ (hiding).
 21866 | Orc:1    | Received a gift from Okawaru
 22186 | Orc:1    | Identified the +6 morningstar of the Tent {vorpal, rC+++
                  | Int+2 Dex-4 Stlth+}
 22199 | Orc:1    | 22199 ||| Stepping ~*~*~tactically~*~*~ (hiding).
 22200 | Orc:1    | 22200 ||| Stepping ~*~*~tactically~*~*~ (hiding).
 22204 | Orc:1    | 22204 ||| INVOKING Heroism.
 22270 | Orc:1    | 22270 ||| DROPPING +2 scale mail of cold resistance.
 22271 | Orc:1    | 22271 ||| DROPPING orb of mayhem.
 22272 | Orc:1    | 22272 ||| UPGRADING to +2 plate armour of cold resistance.
 22282 | Orc:1    | 22282 ||| DROPPING +0 plate armour.
 22338 | Orc:2    | Entered Level 2 of the Orcish Mines
 22339 | Orc:2    | 22339 ||| STAIRDANCE
 22379 | Orc:2    | 22379 ||| STAIRDANCE
 22388 | Orc:2    | 22388 ||| STAIRDANCE
 22396 | Orc:2    | 22396 ||| STAIRDANCE
 22398 | Orc:1    | 22398 ||| INVOKING Heroism.
 22403 | Orc:2    | 22403 ||| STAIRDANCE
 22409 | Orc:2    | 22409 ||| STAIRDANCE
 22449 | Orc:2    | 22449 ||| INVOKING Heroism.
 22475 | Orc:2    | 22475 ||| FLEEEEING.
 22476 | Orc:2    | 22476 ||| FLEEEEING.
 22477 | Orc:2    | 22477 ||| FLEEEEING.
 22478 | Orc:2    | 22478 ||| FLEEEEING.
 22479 | Orc:2    | 22479 ||| FLEEEEING.
 22480 | Orc:2    | 22480 ||| FLEEEEING.
 22481 | Orc:2    | 22481 ||| FLEEEEING.
 22482 | Orc:2    | 22482 ||| FLEEEEING.
 22483 | Orc:2    | 22483 ||| STAIRDANCE
 22565 | Orc:2    | 22565 ||| STAIRDANCE
 22567 | Orc:1    | 22567 ||| INVOKING Heroism.
 22577 | Orc:1    | Reached skill level 18 in Axes
 22583 | Orc:2    | 22583 ||| STAIRDANCE
 22588 | Orc:2    | 22588 ||| INVOKING Heroism.
 22599 | Orc:2    | 22599 ||| Stepping ~*~*~tactically~*~*~ (hiding).
 22730 | Orc:2    | Found a staircase to the Elven Halls.
 22760 | Orc:2    | 22760 ||| Stepping ~*~*~tactically~*~*~ (hiding).
 22775 | Orc:2    | 22775 ||| Stepping ~*~*~tactically~*~*~ (stealth).
 22777 | Orc:2    | 22777 ||| Stepping ~*~*~tactically~*~*~ (stealth).
 22780 | Orc:2    | 22780 ||| Stepping ~*~*~tactically~*~*~ (hiding).
 22783 | Orc:2    | 22783 ||| Stepping ~*~*~tactically~*~*~ (hiding).
 22793 | Orc:2    | Received a gift from Okawaru
 23052 | Orc:2    | 23052 ||| INVOKING Heroism.
 23055 | Orc:2    | 23055 ||| Stepping ~*~*~tactically~*~*~ (stealth).
 23106 | Orc:2    | 23106 ||| INVOKING Heroism.
 23209 | Orc:2    | 23209 ||| Stepping ~*~*~tactically~*~*~ (stealth).
 23211 | Orc:2    | 23211 ||| Stepping ~*~*~tactically~*~*~ (hiding).
 23212 | Orc:2    | 23212 ||| Stepping ~*~*~tactically~*~*~ (hiding).
 23213 | Orc:2    | 23213 ||| INVOKING Heroism.
 23219 | Orc:2    | 23219 ||| Stepping ~*~*~tactically~*~*~ (stealth).
 23222 | Orc:2    | 23222 ||| Stepping ~*~*~tactically~*~*~ (hiding).
 23223 | Orc:2    | 23223 ||| Stepping ~*~*~tactically~*~*~ (hiding).
 23252 | Orc:2    | 23252 ||| FLEEEEING.
 23254 | Orc:2    | 23254 ||| FLEEEEING.
 23255 | Orc:2    | 23255 ||| FLEEEEING.
 23256 | Orc:2    | 23256 ||| FLEEEEING.
 23257 | Orc:2    | 23257 ||| FLEEEEING.
 23258 | Orc:2    | 23258 ||| FLEEEEING.
 23259 | Orc:2    | 23259 ||| FLEEEEING.
 23260 | Orc:2    | 23260 ||| FLEEEEING.
 23261 | Orc:2    | 23261 ||| FLEEEEING.
 23262 | Orc:2    | 23262 ||| FLEEEEING.
 23263 | Orc:2    | 23263 ||| FLEEEEING.
 23264 | Orc:2    | 23264 ||| FLEEEEING.
 23265 | Orc:2    | 23265 ||| FLEEEEING.
 23266 | Orc:2    | 23266 ||| FLEEEEING.
 23267 | Orc:2    | 23267 ||| FLEEEEING.
 23268 | Orc:2    | 23268 ||| FLEEEEING.
 23269 | Orc:2    | 23269 ||| FLEEEEING.
 23270 | Orc:2    | 23270 ||| FLEEEEING.
 23271 | Orc:2    | 23271 ||| FLEEEEING.
 23272 | Orc:2    | 23272 ||| FLEEEEING.
 23273 | Orc:2    | 23273 ||| FLEEEEING.
 23274 | Orc:2    | 23274 ||| STAIRDANCE
 23376 | Orc:1    | 23376 ||| DROPPING +0 pair of boots.
 23379 | Orc:2    | 23379 ||| STAIRDANCE
 23387 | Orc:2    | 23387 ||| STAIRDANCE
 23389 | Orc:1    | 23389 ||| INVOKING Heroism.
 23394 | Orc:1    | Reached skill level 9 in Shields
 23405 | Orc:2    | 23405 ||| STAIRDANCE
 23452 | Orc:2    | 23452 ||| STAIRDANCE
 23454 | Orc:1    | 23454 ||| INVOKING Heroism.
 23471 | Orc:2    | 23471 ||| STAIRDANCE
 23507 | Orc:2    | 23507 ||| STAIRDANCE
 23523 | Orc:2    | 23523 ||| INVOKING Heroism.
 23551 | Orc:2    | 23551 ||| INVOKING Finesse.
 23552 | Orc:2    | 23552 ||| INVOKING Heroism.
 23599 | Orc:2    | 23599 ||| SWAPPING to +2 broad axe of electrocution.
 23629 | Orc:2    | 23629 ||| INVOKING Heroism.
 23644 | Orc:2    | Found Voenydimeon's General Store.
 23644 | Orc:2    | Found Weyrph's General Store.
 23645 | Orc:2    | Found Nycvele's Antique Weapon Emporium.
 23645 | Orc:2    | Found Wapniubb's General Store.
 23652 | Orc:2    | 23652 ||| BUYING 2 potions of lignification (108 gold).
 23652 | Orc:2    | Bought 2 potions of lignification for 108 gold pieces
 23652 | Orc:2    | 23652 ||| BUYING potion of attraction (54 gold).
 23652 | Orc:2    | Bought a potion of attraction for 54 gold pieces
 23652 | Orc:2    | 23652 ||| BUYING potion of haste (180 gold).
 23652 | Orc:2    | Bought a potion of haste for 180 gold pieces
 23652 | Orc:2    | 23652 ||| BUYING scroll of enchant weapon (135 gold).
 23652 | Orc:2    | Bought a scroll of enchant weapon for 135 gold pieces
 23652 | Orc:2    | 23652 ||| READING scroll of enchant weapon.
 23652 | Orc:2    | 23652 ||| ENCHANTING +2 broad axe of electrocution.
 23654 | Orc:2    | 23654 ||| BUYING glowing broad axe (189 gold).
 23654 | Orc:2    | Bought a glowing broad axe for 189 gold pieces
 23654 | Orc:2    | 23654 ||| SWAPPING to +2 vampiric broad axe.
 23657 | Orc:2    | 23657 ||| BUYING scroll of identify (22 gold).
 23657 | Orc:2    | Bought a scroll of identify for 22 gold pieces
 23657 | Orc:2    | 23657 ||| BUYING scroll of teleportation (33 gold).
 23657 | Orc:2    | Bought a scroll of teleportation for 33 gold pieces
 23658 | Orc:2    | 23658 ||| BUYING potion of cancellation (120 gold).
 23658 | Orc:2    | Bought a potion of cancellation for 120 gold pieces
 23658 | Orc:2    | 23658 ||| BUYING potion of curing (45 gold).
 23658 | Orc:2    | Bought a potion of curing for 45 gold pieces
 23658 | Orc:2    | 23658 ||| BUYING scroll of identify (30 gold).
 23658 | Orc:2    | Bought a scroll of identify for 30 gold pieces
 23663 | Orc:2    | 23663 ||| PLANNING SWAMP:1-3
 23830 | Swamp:1  | Entered Level 1 of the Swamp
 23836 | Swamp:1  | Noticed Donald
 23837 | Swamp:1  | 23837 ||| INVOKING Heroism.
 23838 | Swamp:1  | 23838 ||| INVOKING Finesse.
 23856 | Swamp:1  | 23856 ||| Stepping ~*~*~tactically~*~*~ (hiding).
 23872 | Swamp:1  | Killed Donald
 23944 | Swamp:1  | 23944 ||| INVOKING Heroism.
 23972 | Swamp:1  | 23972 ||| Stepping randomly (cloudy).
 23973 | Swamp:1  | 23973 ||| Stepping ~*~*~tactically~*~*~ (cloud).
 24023 | Swamp:1  | 24023 ||| INVOKING Heroism.
 24194 | Swamp:1  | 24194 ||| INVOKING Heroism.
 24331 | Swamp:1  | Noticed a thorn hunter
 24332 | Swamp:1  | 24332 ||| INVOKING Heroism.
 24333 | Swamp:1  | 24333 ||| INVOKING Finesse.
 24349 | Swamp:1  | 24349 ||| Stepping ~*~*~tactically~*~*~ (hiding).
 24352 | Swamp:1  | 24352 ||| Stepping ~*~*~tactically~*~*~ (hiding).
 24368 | Swamp:1  | Killed a thorn hunter
 24457 | Swamp:1  | 24457 ||| UPGRADING to +0 kite shield of reflection.
 24467 | Swamp:1  | 24467 ||| DROPPING +0 buckler.
 24468 | Swamp:1  | 24468 ||| READING scroll labelled SEGGOPS YFIROS.
 24524 | Swamp:2  | Noticed a thorn hunter
 24525 | Swamp:2  | 24525 ||| INVOKING Heroism.
 24526 | Swamp:2  | 24526 ||| INVOKING Finesse.
 24535 | Swamp:2  | Killed a thorn hunter
 24588 | Swamp:2  | 24588 ||| INVOKING Heroism.
 24636 | Swamp:2  | 24636 ||| Stepping ~*~*~tactically~*~*~ (stealth).
 24679 | Swamp:2  | 24679 ||| Stepping ~*~*~tactically~*~*~ (hiding).
 24681 | Swamp:2  | 24681 ||| Stepping ~*~*~tactically~*~*~ (hiding).
 24802 | Swamp:2  | 24802 ||| Stepping ~*~*~tactically~*~*~ (hiding).
 24815 | Swamp:2  | 24815 ||| INVOKING Heroism.
 24870 | Swamp:2  | 24870 ||| INVOKING Heroism.
 24891 | Swamp:2  | 24891 ||| Stepping ~*~*~tactically~*~*~ (stealth).
 24926 | Swamp:2  | 24926 ||| INVOKING Heroism.
 25141 | Swamp:2  | 25141 ||| DROPPING amulet of guardian spirit.
 25142 | Swamp:2  | 25142 ||| DROPPING +6 ring of intelligence.
 25222 | Swamp:3  | 25222 ||| Stepping ~*~*~tactically~*~*~ (stealth).
 25251 | Swamp:3  | 25251 ||| Stepping ~*~*~tactically~*~*~ (hiding).
 25269 | Swamp:3  | 25269 ||| INVOKING Heroism.
 25270 | Swamp:3  | 25270 ||| INVOKING Finesse.
 25272 | Swamp:3  | 25272 ||| SWAPPING to +1 broad axe of flaming.
 25278 | Swamp:3  | 25278 ||| SWAPPING to +2 vampiric broad axe.
 25363 | Swamp:3  | 25363 ||| Stepping ~*~*~tactically~*~*~ (hiding).
 25364 | Swamp:3  | 25364 ||| INVOKING Heroism.
 25390 | Swamp:3  | Noticed a thorn hunter
 25399 | Swamp:3  | Killed a thorn hunter
 25399 | Swamp:3  | Received a gift from Okawaru
 25400 | Swamp:3  | Reached XP level 17. HP: 99/111 MP: 24/24
 25449 | Swamp:3  | 25449 ||| Stepping ~*~*~tactically~*~*~ (stealth).
 25453 | Swamp:3  | 25453 ||| INVOKING Heroism.
 25504 | Swamp:3  | 25504 ||| INVOKING Heroism.
 25505 | Swamp:3  | 25505 ||| SWAPPING to +1 broad axe of flaming.
 25513 | Swamp:3  | 25513 ||| SWAPPING to +2 vampiric broad axe.
 25544 | Swamp:3  | Found a transporter.
 25547 | Swamp:3  | Noticed popps's ghost (adept MiBe)
 25555 | Swamp:3  | Found a transporter.
 25692 | Swamp:3  | 25692 ||| INVOKING Heroism.
 25694 | Swamp:3  | 25694 ||| SWAPPING to +1 broad axe of flaming.
 25698 | Swamp:3  | 25698 ||| SWAPPING to +2 vampiric broad axe.
 25723 | Swamp:3  | Noticed Aizul
 25724 | Swamp:3  | Reached skill level 12 in Shields
 25724 | Swamp:3  | 25724 ||| INVOKING Finesse.
 25732 | Swamp:3  | 25732 ||| INVOKING Heroism.
 25741 | Swamp:3  | Killed Aizul
 25931 | Swamp:3  | 25931 ||| PLANNING SPIDER:1-3
 26004 | Lair:2   | 26004 ||| Stepping ~*~*~tactically~*~*~ (stealth).
 26007 | Lair:2   | 26007 ||| Stepping ~*~*~tactically~*~*~ (stealth).
 26009 | Lair:2   | 26009 ||| INVOKING Finesse.
 26044 | Spider:1 | Entered Level 1 of the Spider Nest
 26050 | Spider:1 | Identified the +3 hand axe of Uncertain Death {vorpal,
                  | Str+4 SInv} (Okawaru gifted it to you on level 1 of the
                  | Spider Nest)
 26050 | Spider:1 | Received a gift from Okawaru
 26054 | Spider:1 | 26054 ||| INVOKING Heroism.
 26074 | Spider:1 | 26074 ||| INVOKING Finesse.
 26078 | Spider:1 | 26078 ||| INVOKING Heroism.
 26099 | Spider:1 | Noticed Jorgrun
 26109 | Spider:1 | Killed Jorgrun
 26202 | Spider:1 | 26202 ||| Stepping ~*~*~tactically~*~*~ (stealth).
 26207 | Spider:1 | 26207 ||| INVOKING Heroism.
 26235 | Spider:1 | 26235 ||| INVOKING Heroism.
 26240 | Spider:1 | 26240 ||| DRINKING 10 potions of curing.
 26240 | Spider:1 | 26240 ||| (to cure confusion)
 26254 | Spider:1 | 26254 ||| READING 4 scrolls of teleportation.
 26257 | Spider:1 | 26257 ||| INVOKING Finesse.
 26270 | Spider:1 | 26270 ||| Stepping ~*~*~tactically~*~*~ (stealth).
 26340 | Spider:1 | 26340 ||| READING scroll of enchant weapon.
 26340 | Spider:1 | 26340 ||| ENCHANTING +2 vampiric broad axe.
 26478 | Spider:1 | 26478 ||| Stepping ~*~*~tactically~*~*~ (stealth).
 26507 | Spider:1 | 26507 ||| Stepping ~*~*~tactically~*~*~ (stealth).
 26508 | Spider:1 | 26508 ||| Stepping ~*~*~tactically~*~*~ (stealth).
 26738 | Spider:2 | 26738 ||| INVOKING Heroism.
 26772 | Spider:2 | 26772 ||| INVOKING Finesse.
 26774 | Spider:2 | 26774 ||| Stepping ~*~*~tactically~*~*~ (stealth).
 26832 | Spider:2 | Received a gift from Okawaru
 26833 | Spider:2 | 26833 ||| INVOKING Heroism.
 26881 | Spider:2 | 26881 ||| Stepping ~*~*~tactically~*~*~ (stealth).
 26882 | Spider:2 | 26882 ||| Stepping ~*~*~tactically~*~*~ (stealth).
 26883 | Spider:2 | 26883 ||| Stepping ~*~*~tactically~*~*~ (stealth).
 26884 | Spider:2 | 26884 ||| Stepping ~*~*~tactically~*~*~ (stealth).
 26885 | Spider:2 | 26885 ||| Stepping ~*~*~tactically~*~*~ (stealth).
 26886 | Spider:2 | 26886 ||| INVOKING Heroism.
 26932 | Spider:2 | Reached skill level 15 in Fighting
 27009 | Spider:2 | 27009 ||| INVOKING Heroism.
 27193 | Spider:3 | 27193 ||| Stepping ~*~*~tactically~*~*~ (stealth).
 27195 | Spider:3 | 27195 ||| Stepping ~*~*~tactically~*~*~ (stealth).
 27196 | Spider:3 | 27196 ||| INVOKING Heroism.
 27202 | Spider:3 | 27202 ||| DRINKING 9 potions of curing.
 27202 | Spider:3 | 27202 ||| (to cure confusion)
 27210 | Spider:3 | 27210 ||| INVOKING Finesse.
 27230 | Spider:3 | 27230 ||| INVOKING Heroism.
 27282 | Spider:3 | 27282 ||| Stepping ~*~*~tactically~*~*~ (stealth).
 27326 | Spider:3 | 27326 ||| Stepping randomly (disturbance).
 27327 | Spider:3 | 27327 ||| Stepping randomly (disturbance).
 27349 | Spider:3 | Received a gift from Okawaru
 27389 | Spider:3 | 27389 ||| READING 3 scrolls of teleportation.
 27514 | Spider:3 | 27514 ||| Stepping ~*~*~tactically~*~*~ (stealth).
 27521 | Spider:3 | 27521 ||| INVOKING Heroism.
 27722 | Spider:3 | 27722 ||| INVOKING Heroism.
 27741 | Spider:3 | 27741 ||| READING scroll of acquirement.
 27741 | Spider:3 | 27741 ||| ACQUIRING +3 broad axe of flaming
 27741 | Spider:3 | Acquired a +3 broad axe of flaming
 27743 | Spider:3 | 27743 ||| DROPPING +1 broad axe of flaming.
 27813 | Spider:3 | 27813 ||| Stepping ~*~*~tactically~*~*~ (hiding).
 27814 | Spider:3 | 27814 ||| Stepping ~*~*~tactically~*~*~ (hiding).
 28099 | Spider:3 | 28099 ||| Stepping ~*~*~tactically~*~*~ (stealth).
 28101 | Spider:3 | 28101 ||| INVOKING Heroism.
 28354 | Spider:3 | 28354 ||| PLANNING SWAMP:4
 28354 | Spider:3 | 28354 ||| DROPPING +6 ring of dexterity.
 28468 | Swamp:4  | Entered Level 4 of the Swamp
 28469 | Swamp:4  | 28469 ||| INVOKING Heroism.
 28472 | Swamp:4  | Reached XP level 18. HP: 119/119 MP: 22/25
 28479 | Swamp:4  | Reached skill level 15 in Shields
 28520 | Swamp:4  | 28520 ||| INVOKING Heroism.
 28531 | Swamp:4  | Received a gift from Okawaru
 28540 | Swamp:4  | 28540 ||| DROPPING +3 broad axe of flaming.
 28543 | Swamp:4  | 28543 ||| Stepping ~*~*~tactically~*~*~ (stealth).
 28544 | Swamp:4  | 28544 ||| Stepping ~*~*~tactically~*~*~ (stealth).
 28555 | Swamp:4  | Noticed the 27-headed Lernaean hydra
 28559 | Swamp:4  | 28559 ||| INVOKING Heroism.
 28560 | Swamp:4  | Killed the 26-headed Lernaean hydra
 28576 | Swamp:4  | Got a decaying rune of Zot
 28625 | Swamp:4  | 28625 ||| INVOKING Heroism.
 28633 | Swamp:4  | Received a gift from Okawaru
 28650 | Swamp:4  | Found a runed translucent gate.
 28650 | Swamp:4  | Found a runed translucent gate.
 28650 | Swamp:4  | Found a runed translucent gate.
 28651 | Swamp:4  | Noticed qw's ghost (adept GrFi)
 28658 | Swamp:4  | 28658 ||| READING scroll of enchant weapon.
 28658 | Swamp:4  | 28658 ||| ENCHANTING +3 vampiric broad axe.
 28688 | Swamp:4  | 28688 ||| Stepping ~*~*~tactically~*~*~ (stealth).
 28702 | Swamp:4  | Noticed a tentacled monstrosity
 28703 | Swamp:4  | 28703 ||| INVOKING Heroism.
 28704 | Swamp:4  | 28704 ||| INVOKING Finesse.
 28711 | Swamp:4  | Killed a tentacled monstrosity
 28737 | Swamp:4  | 28737 ||| Stepping ~*~*~tactically~*~*~ (stealth).
 28747 | Swamp:4  | Received a gift from Okawaru
 28799 | Swamp:4  | 28799 ||| INVOKING Heroism.
 28934 | Swamp:4  | 28934 ||| Stepping ~*~*~tactically~*~*~ (stealth).
 28940 | Swamp:4  | 28940 ||| Stepping ~*~*~tactically~*~*~ (stealth).
 28966 | Swamp:4  | 28966 ||| INVOKING Heroism.
 28976 | Swamp:4  | 28976 ||| Stepping ~*~*~tactically~*~*~ (hiding).
 28980 | Swamp:4  | 28980 ||| Stepping ~*~*~tactically~*~*~ (hiding).
 28981 | Swamp:4  | 28981 ||| Stepping ~*~*~tactically~*~*~ (hiding).
 28988 | Swamp:4  | Reached skill level 15 in Armour
 29047 | Swamp:4  | 29047 ||| Stepping ~*~*~tactically~*~*~ (hiding).
 29048 | Swamp:4  | 29048 ||| Stepping ~*~*~tactically~*~*~ (hiding).
 29061 | Swamp:4  | Found an ancient bone altar of Kikubaaqudgha.
 29062 | Swamp:4  | 29062 ||| Stepping ~*~*~tactically~*~*~ (hiding).
 29063 | Swamp:4  | 29063 ||| INVOKING Heroism.
 29074 | Swamp:4  | Received a gift from Okawaru
 29122 | Swamp:4  | 29122 ||| INVOKING Heroism.
 29204 | Swamp:4  | 29204 ||| INVOKING Heroism.
 29320 | Swamp:4  | 29320 ||| PLANNING VAULTS:1-4
 29545 | Vaults:1 | Entered Level 1 of the Vaults
 29560 | Vaults:1 | 29560 ||| INVOKING Heroism.
 29563 | Vaults:1 | 29563 ||| Stepping ~*~*~tactically~*~*~ (stealth).
 29565 | Vaults:1 | 29565 ||| Stepping ~*~*~tactically~*~*~ (stealth).
 29635 | Vaults:1 | 29635 ||| Stepping ~*~*~tactically~*~*~ (stealth).
 29637 | Vaults:1 | 29637 ||| INVOKING Heroism.
 29638 | Vaults:1 | 29638 ||| INVOKING Finesse.
 29652 | Vaults:1 | Identified the +1 robe of Ubuqool {+Inv rElec rC-} (Okawaru
                  | gifted it to you on level 1 of the Vaults)
 29652 | Vaults:1 | Received a gift from Okawaru
 29653 | Vaults:1 | Reached skill level 9 in Throwing
 29699 | Vaults:1 | 29699 ||| Stepping ~*~*~tactically~*~*~ (hiding).
 29710 | Vaults:1 | Found Juzilohen's Assorted Antiques.
 29727 | Vaults:1 | 29727 ||| BUYING potion of curing (87 gold).
 29727 | Vaults:1 | Bought a potion of curing for 87 gold pieces
 29727 | Vaults:1 | 29727 ||| BUYING potion of haste (290 gold).
 29727 | Vaults:1 | Bought a potion of haste for 290 gold pieces
 29727 | Vaults:1 | 29727 ||| BUYING potion of heal wounds (145 gold).
 29727 | Vaults:1 | Bought a potion of heal wounds for 145 gold pieces
 29727 | Vaults:1 | 29727 ||| BUYING scroll labelled AGGALI XONA (29 gold).
 29727 | Vaults:1 | Bought a scroll labelled AGGALI XONA for 29 gold pieces
 29773 | Vaults:1 | 29773 ||| INVOKING Heroism.
 29781 | Vaults:1 | 29781 ||| Stepping ~*~*~tactically~*~*~ (hiding).
 29807 | Vaults:1 | 29807 ||| INVOKING Heroism.
 30023 | Vaults:1 | 30023 ||| INVOKING Heroism.
 30031 | Vaults:1 | Reached XP level 19. HP: 128/128 MP: 24/26
 30172 | Vaults:1 | 30172 ||| Stepping ~*~*~tactically~*~*~ (hiding).
 30176 | Vaults:1 | 30176 ||| INVOKING Heroism.
 30329 | Vaults:1 | 30329 ||| Stepping ~*~*~tactically~*~*~ (stealth).
 30331 | Vaults:1 | 30331 ||| INVOKING Heroism.
 30410 | Vaults:1 | 30410 ||| Stepping ~*~*~tactically~*~*~ (hiding).
 30621 | Vaults:1 | 30621 ||| DROPPING scroll of torment.
 30634 | Vaults:2 | 30634 ||| INVOKING Heroism.
 30667 | Vaults:2 | 30667 ||| INVOKING Finesse.
 30731 | Vaults:2 | Received a gift from Okawaru
 30861 | Vaults:2 | 30861 ||| INVOKING Heroism.
 30895 | Vaults:2 | Reached ****** piety under Okawaru
 30906 | Vaults:2 | 30906 ||| Stepping ~*~*~tactically~*~*~ (hiding).
 30908 | Vaults:2 | 30908 ||| Stepping ~*~*~tactically~*~*~ (hiding).
 30920 | Vaults:2 | Received a gift from Okawaru
 30962 | Vaults:2 | 30962 ||| INVOKING Heroism.
 31096 | Vaults:2 | Found a staircase to the Crypt.
 31096 | Vaults:2 | Found a basalt altar of Yredelemnul.
 31096 | Vaults:2 | Found an ancient bone altar of Kikubaaqudgha.
 31097 | Vaults:2 | 31097 ||| Stepping ~*~*~tactically~*~*~ (hiding).
 31102 | Vaults:2 | 31102 ||| INVOKING Heroism.
 31103 | Vaults:2 | 31103 ||| INVOKING Finesse.
 31113 | Vaults:2 | Identified the +1 pair of gloves of Xifatog {rElec Will+}
                  | (Okawaru gifted it to you on level 2 of the Vaults)
 31113 | Vaults:2 | Received a gift from Okawaru
 31337 | Vaults:2 | Noticed Rupert
 31338 | Vaults:2 | 31338 ||| INVOKING Heroism.
 31339 | Vaults:2 | 31339 ||| INVOKING Finesse.
 31343 | Vaults:2 | Paralysed by Rupert for 5 turns
 31356 | Vaults:2 | Killed Rupert
 31392 | Vaults:2 | Found a runed translucent door.
 31392 | Vaults:2 | Found a shimmering altar of Xom.
 31392 | Vaults:2 | Noticed qw's ghost (adept GrFi)
 31449 | Vaults:2 | Paralysed by a great orb of eyes for 5 turns
 31807 | Vaults:2 | 31807 ||| UPGRADING to +1 pair of gloves of Xifatog {rElec
                  | Will+}.
 31817 | Vaults:2 | 31817 ||| DROPPING +1 pair of gloves.
 31844 | Vaults:3 | 31844 ||| PLANNING DESOLATION
 31918 | Vaults:3 | 31918 ||| FLEEEEING.
 31919 | Vaults:3 | 31919 ||| FLEEEEING.
 31920 | Vaults:3 | 31920 ||| FLEEEEING.
 31921 | Vaults:3 | 31921 ||| FLEEEEING.
 31936 | Vaults:3 | 31936 ||| FLEEEEING.
 31937 | Vaults:3 | 31937 ||| STAIRDANCE
 32093 | Vaults:3 | 32093 ||| STAIRDANCE
 32157 | Vaults:3 | 32157 ||| READING 3 scrolls of teleportation.
 32177 | Vaults:3 | 32177 ||| READING scroll of enchant armour.
 32177 | Vaults:3 | 32177 ||| ENCHANTING +2 plate armour of cold resistance.
 32210 | Vaults:3 | 32210 ||| INVOKING Heroism.
 32216 | Vaults:3 | Reached skill level 18 in Fighting
 32366 | Vaults:3 | 32366 ||| Stepping ~*~*~tactically~*~*~ (stealth).
 32370 | Vaults:3 | 32370 ||| Stepping ~*~*~tactically~*~*~ (stealth).
 32376 | Vaults:3 | 32376 ||| INVOKING Heroism.
 32455 | Vaults:3 | 32455 ||| INVOKING Heroism.
 32501 | Vaults:3 | Noticed a tentacled monstrosity
 32516 | Vaults:3 | Noticed Mara
 32517 | Vaults:3 | 32517 ||| INVOKING Heroism.
 32519 | Vaults:3 | 32519 ||| Stepping ~*~*~tactically~*~*~ (hiding).
 32524 | Vaults:3 | 32524 ||| INVOKING Finesse.
 32525 | Vaults:3 | 32525 ||| Stepping ~*~*~tactically~*~*~ (hiding).
 32529 | Vaults:3 | Noticed qw's illusion
 32545 | Vaults:3 | Killed Mara
 32546 | Vaults:3 | 32546 ||| Stepping ~*~*~tactically~*~*~ (hiding).
 32547 | Vaults:3 | 32547 ||| Stepping ~*~*~tactically~*~*~ (hiding).
 32569 | Vaults:3 | 32569 ||| Stepping ~*~*~tactically~*~*~ (hiding).
 32598 | Vaults:3 | Received a gift from Okawaru
 32645 | Vaults:3 | 32645 ||| RIP DESOLATION
 32699 | Vaults:3 | 32699 ||| PLANNING VAULTS:1-4
 32888 | Vaults:3 | Identified the +1 arbalest of Inflation {elec, rF+}
 32908 | Vaults:3 | 32908 ||| READING 2 scrolls of teleportation.
 32951 | Vaults:3 | 32951 ||| INVOKING Heroism.
 32957 | Vaults:3 | Reached XP level 20. HP: 136/136 MP: 24/27
 33000 | Vaults:3 | 33000 ||| Stepping ~*~*~tactically~*~*~ (stealth).
 33003 | Vaults:3 | 33003 ||| Stepping ~*~*~tactically~*~*~ (stealth).
 33005 | Vaults:3 | 33005 ||| INVOKING Heroism.
 33018 | Vaults:3 | 33018 ||| Stepping ~*~*~tactically~*~*~ (hiding).
 33020 | Vaults:3 | 33020 ||| Stepping ~*~*~tactically~*~*~ (hiding).
 33047 | Vaults:3 | 33047 ||| READING scroll of teleportation.
 33070 | Vaults:3 | 33070 ||| Stepping ~*~*~tactically~*~*~ (stealth).
 33071 | Vaults:3 | 33071 ||| Stepping ~*~*~tactically~*~*~ (stealth).
 33111 | Vaults:3 | 33111 ||| Stepping ~*~*~tactically~*~*~ (hiding).
 33138 | Vaults:3 | 33138 ||| Stepping ~*~*~tactically~*~*~ (stealth).
 33140 | Vaults:3 | 33140 ||| INVOKING Heroism.
 33141 | Vaults:3 | 33141 ||| Stepping ~*~*~tactically~*~*~ (hiding).
 33235 | Vaults:3 | 33235 ||| Stepping ~*~*~tactically~*~*~ (hiding).
 33253 | Vaults:3 | 33253 ||| Stepping ~*~*~tactically~*~*~ (hiding).
 33346 | Vaults:3 | 33346 ||| INVOKING Finesse.
 33374 | Vaults:3 | Received a gift from Okawaru
 33411 | Vaults:3 | 33411 ||| Stepping randomly (stuck).
 33412 | Vaults:3 | 33412 ||| Stepping randomly (stuck).
 33414 | Vaults:3 | 33414 ||| Stepping randomly (stuck).
 33416 | Vaults:3 | 33416 ||| Stepping randomly (stuck).
 33417 | Vaults:3 | 33417 ||| Stepping randomly (stuck).
 33917 | Vaults:4 | 33917 ||| INVOKING Heroism.
 34050 | Vaults:4 | 34050 ||| INVOKING Heroism.
 34054 | Vaults:4 | Received a gift from Okawaru
 34093 | Vaults:4 | 34093 ||| FLEEEEING.
 34094 | Vaults:4 | 34094 ||| FLEEEEING.
 34095 | Vaults:4 | 34095 ||| FLEEEEING.
 34096 | Vaults:4 | 34096 ||| FLEEEEING.
 34097 | Vaults:4 | 34097 ||| FLEEEEING.
 34098 | Vaults:4 | 34098 ||| FLEEEEING.
 34099 | Vaults:4 | 34099 ||| FLEEEEING.
 34100 | Vaults:4 | 34100 ||| FLEEEEING.
 34101 | Vaults:4 | 34101 ||| FLEEEEING.
 34102 | Vaults:4 | 34102 ||| STAIRDANCE
 34209 | Vaults:4 | 34209 ||| STAIRDANCE
 34320 | Vaults:4 | 34320 ||| INVOKING Heroism.
 34332 | Vaults:4 | 34332 ||| Stepping ~*~*~tactically~*~*~ (hiding).
 34469 | Vaults:4 | 34469 ||| Stepping ~*~*~tactically~*~*~ (hiding).
 34520 | Vaults:4 | Noticed a golden dragon
 34521 | Vaults:4 | 34521 ||| INVOKING Heroism.
 34522 | Vaults:4 | 34522 ||| INVOKING Finesse.
 34528 | Vaults:4 | Killed a golden dragon
 34539 | Vaults:4 | Received a gift from Okawaru
 34581 | Vaults:4 | 34581 ||| Stepping ~*~*~tactically~*~*~ (hiding).
 34596 | Vaults:4 | 34596 ||| INVOKING Heroism.
 34607 | Vaults:4 | 34607 ||| INVOKING Finesse.
 34630 | Vaults:4 | 34630 ||| Stepping ~*~*~tactically~*~*~ (hiding).
 34652 | Vaults:4 | Reached skill level 18 in Armour
 34729 | Vaults:4 | 34729 ||| Stepping ~*~*~tactically~*~*~ (stealth).
 34753 | Vaults:4 | Identified the +8 broad axe of the Fulmar {pain, *Noise
                  | rElec rC- rN+++}
 34767 | Vaults:4 | 34767 ||| Stepping ~*~*~tactically~*~*~ (stealth).
 34775 | Vaults:4 | 34775 ||| Stepping ~*~*~tactically~*~*~ (stealth).
 34791 | Vaults:4 | 34791 ||| Stepping ~*~*~tactically~*~*~ (stealth).
 34799 | Vaults:4 | 34799 ||| Stepping ~*~*~tactically~*~*~ (stealth).
 34800 | Vaults:4 | 34800 ||| Stepping ~*~*~tactically~*~*~ (stealth).
 34810 | Vaults:4 | 34810 ||| INVOKING Heroism.
 34895 | Vaults:4 | 34895 ||| Stepping ~*~*~tactically~*~*~ (hiding).
 35184 | Vaults:4 | 35184 ||| Stepping ~*~*~tactically~*~*~ (stealth).
 35192 | Vaults:4 | 35192 ||| INVOKING Finesse.
 35400 | Vaults:4 | 35400 ||| Stepping ~*~*~tactically~*~*~ (hiding).
 35403 | Vaults:4 | 35403 ||| INVOKING Heroism.
 35446 | Vaults:4 | 35446 ||| Stepping ~*~*~tactically~*~*~ (hiding).
 35462 | Vaults:4 | 35462 ||| INVOKING Heroism.
 35704 | Vaults:4 | 35704 ||| INVOKING Heroism.
 35791 | Vaults:4 | 35791 ||| PLANNING SPIDER:4
 35791 | Vaults:4 | 35791 ||| DROPPING +1 pair of boots of flying.
 35792 | Vaults:4 | 35792 ||| UPGRADING to amulet of reflection.
 36167 | Spider:4 | Entered Level 4 of the Spider Nest
 36170 | Spider:4 | 36170 ||| STAIRDANCE
 36181 | Spider:4 | 36181 ||| STAIRDANCE
 36209 | Spider:4 | Reached XP level 21. HP: 140/146 MP: 28/28
 36229 | Spider:4 | 36229 ||| Stepping ~*~*~tactically~*~*~ (stealth).
 36233 | Spider:4 | 36233 ||| INVOKING Heroism.
 36308 | Spider:4 | 36308 ||| Stepping ~*~*~tactically~*~*~ (stealth).
 36314 | Spider:4 | 36314 ||| Stepping ~*~*~tactically~*~*~ (hiding).
 36342 | Spider:4 | 36342 ||| INVOKING Heroism.
 36386 | Spider:4 | 36386 ||| INVOKING Heroism.
 36397 | Spider:4 | Identified the +3 pair of boots of the Desolation of Salt
                  | {-Tele +Inv rC+++ Str-5} (Okawaru gifted it to you on level
                  | 4 of the Spider Nest)
 36397 | Spider:4 | Received a gift from Okawaru
 36463 | Spider:4 | 36463 ||| Stepping ~*~*~tactically~*~*~ (hiding).
 36467 | Spider:4 | 36467 ||| INVOKING Heroism.
 36541 | Spider:4 | 36541 ||| Stepping ~*~*~tactically~*~*~ (stealth).
 36560 | Spider:4 | 36560 ||| FLEEEEING.
 36561 | Spider:4 | 36561 ||| FLEEEEING.
 36562 | Spider:4 | 36562 ||| FLEEEEING.
 36563 | Spider:4 | 36563 ||| FLEEEEING.
 36564 | Spider:4 | 36564 ||| FLEEEEING.
 36565 | Spider:4 | 36565 ||| FLEEEEING.
 36567 | Spider:4 | 36567 ||| FLEEEEING.
 36568 | Spider:4 | 36568 ||| FLEEEEING.
 36569 | Spider:4 | 36569 ||| FLEEEEING.
 36570 | Spider:4 | 36570 ||| FLEEEEING.
 36573 | Spider:4 | 36573 ||| FLEEEEING.
 36574 | Spider:4 | 36574 ||| FLEEEEING.
 36575 | Spider:4 | 36575 ||| FLEEEEING.
 36576 | Spider:4 | 36576 ||| FLEEEEING.
 36577 | Spider:4 | 36577 ||| FLEEEEING.
 36578 | Spider:4 | 36578 ||| FLEEEEING.
 36579 | Spider:4 | 36579 ||| FLEEEEING.
 36653 | Spider:4 | 36653 ||| Stepping ~*~*~tactically~*~*~ (stealth).
 36694 | Spider:4 | Noticed Arachne
 36695 | Spider:4 | 36695 ||| INVOKING Heroism.
 36697 | Spider:4 | 36697 ||| INVOKING Finesse.
 36721 | Spider:4 | 36721 ||| DRINKING 2 potions of cancellation.
 36732 | Spider:4 | 36732 ||| FLEEEEING.
 36733 | Spider:4 | 36733 ||| FLEEEEING.
 36734 | Spider:4 | 36734 ||| FLEEEEING.
 36752 | Spider:4 | Killed Arachne
 36753 | Spider:4 | 36753 ||| Stepping randomly (disturbance).
 36754 | Spider:4 | 36754 ||| Stepping randomly (disturbance).
 36755 | Spider:4 | 36755 ||| Stepping randomly (disturbance).
 36847 | Spider:4 | 36847 ||| Stepping ~*~*~tactically~*~*~ (stealth).
 36863 | Spider:4 | 36863 ||| Stepping ~*~*~tactically~*~*~ (stealth).
 36864 | Spider:4 | 36864 ||| Stepping ~*~*~tactically~*~*~ (stealth).
 36866 | Spider:4 | 36866 ||| INVOKING Finesse.
 36867 | Spider:4 | 36867 ||| Stepping ~*~*~tactically~*~*~ (stealth).
 36873 | Spider:4 | 36873 ||| DRINKING 11 potions of curing.
 36873 | Spider:4 | 36873 ||| (to cure confusion)
 36914 | Spider:4 | 36914 ||| INVOKING Heroism.
 37003 | Spider:4 | 37003 ||| Stepping ~*~*~tactically~*~*~ (stealth).
 37005 | Spider:4 | 37005 ||| Stepping ~*~*~tactically~*~*~ (stealth).
 37292 | Spider:4 | Noticed Nikola
 37293 | Spider:4 | 37293 ||| Stepping ~*~*~tactically~*~*~ (hiding).
 37300 | Spider:4 | 37300 ||| Stepping ~*~*~tactically~*~*~ (hiding).
 37301 | Spider:4 | 37301 ||| Stepping ~*~*~tactically~*~*~ (hiding).
 37309 | Spider:4 | 37309 ||| Stepping ~*~*~tactically~*~*~ (hiding).
 37310 | Spider:4 | 37310 ||| Stepping ~*~*~tactically~*~*~ (hiding).
 37331 | Spider:4 | Killed Nikola
 37496 | Spider:4 | Got a gossamer rune of Zot
 37710 | Spider:4 | 37710 ||| PLANNING DEPTHS
 37710 | Spider:4 | 37710 ||| DROPPING scarf of invisibility.
 37981 | Depths:1 | Entered Level 1 of the Depths
 37994 | Depths:1 | 37994 ||| Stepping ~*~*~tactically~*~*~ (hiding).
 38001 | Depths:1 | 38001 ||| DRINKING 10 potions of curing.
 38001 | Depths:1 | 38001 ||| (to cure confusion)
 38005 | Depths:1 | 38005 ||| DRINKING 9 potions of curing.
 38005 | Depths:1 | 38005 ||| (to cure confusion)
 38011 | Depths:1 | 38011 ||| INVOKING Heroism.
 38039 | Depths:1 | 38039 ||| Stepping ~*~*~tactically~*~*~ (hiding).
 38041 | Depths:1 | 38041 ||| Stepping ~*~*~tactically~*~*~ (stealth).
 38049 | Depths:1 | 38049 ||| Stepping ~*~*~tactically~*~*~ (hiding).
 38098 | Depths:1 | 38098 ||| INVOKING Heroism.
 38194 | Depths:1 | 38194 ||| INVOKING Heroism.
 38195 | Depths:1 | 38195 ||| INVOKING Finesse.
 38200 | Depths:1 | Reached skill level 6 in Dodging
 38283 | Depths:1 | 38283 ||| READING scroll of enchant weapon.
 38283 | Depths:1 | 38283 ||| ENCHANTING +4 vampiric broad axe.
 38284 | Depths:1 | 38284 ||| DROPPING +3 broad axe of electrocution.
 38305 | Depths:1 | Found Yqoireome's Weapon Shoppe.
 38307 | Depths:1 | Found Baosh's General Store.
 38309 | Depths:1 | Found Muissaywn's Assorted Antiques.
 38311 | Depths:1 | 38311 ||| BUYING +7 war axe "Guhos" {venom, Will++ rCorr
                  | Stlth+} (1440 gold).
 38311 | Depths:1 | Bought the +7 war axe "Guhos" {venom, Will++ rCorr Stlth+}
                  | for 1440 gold pieces
 38326 | Depths:1 | 38326 ||| SHOPLISTING potion of resistance (190 gold, have
                  | 180).
 38326 | Depths:1 | 38326 ||| SHOPLISTING ring of fire (475 gold, have 180).
 38326 | Depths:1 | 38326 ||| BUYING scroll of teleportation (57 gold).
 38326 | Depths:1 | Bought a scroll of teleportation for 57 gold pieces
 38508 | Depths:1 | 38508 ||| Stepping ~*~*~tactically~*~*~ (stealth).
 38512 | Depths:1 | 38512 ||| INVOKING Heroism.
 38532 | Depths:1 | Received a gift from Okawaru
 38537 | Depths:1 | 38537 ||| Stepping ~*~*~tactically~*~*~ (cloud).
 38568 | Depths:1 | 38568 ||| Stepping ~*~*~tactically~*~*~ (cloud).
 38662 | Depths:1 | Found a gateway to Hell.
 38693 | Depths:1 | 38693 ||| INVOKING Heroism.
 38694 | Depths:1 | 38694 ||| INVOKING Finesse.
 38718 | Depths:1 | 38718 ||| Stepping ~*~*~tactically~*~*~ (hiding).
 39060 | Depths:2 | 39060 ||| INVOKING Heroism.
 39065 | Depths:2 | Paralysed by an air elemental for 1 turns
 39154 | Depths:2 | Paralysed by an air elemental for 1 turns
 39157 | Depths:2 | Paralysed by an air elemental for 1 turns
 39169 | Depths:2 | 39169 ||| INVOKING Heroism.
 39172 | Depths:2 | 39172 ||| Stepping ~*~*~tactically~*~*~ (stealth).
 39182 | Depths:2 | Reached skill level 21 in Fighting
 39186 | Depths:2 | Received a gift from Okawaru
 39207 | Depths:2 | 39207 ||| Stepping ~*~*~tactically~*~*~ (stealth).
 39211 | Depths:2 | Reached skill level 18 in Shields
 39303 | Depths:2 | 39303 ||| INVOKING Heroism.
 39304 | Depths:2 | 39304 ||| INVOKING Finesse.
 39349 | Depths:2 | 39349 ||| READING 3 scrolls of enchant armour.
 39349 | Depths:2 | 39349 ||| ENCHANTING +3 plate armour of cold resistance.
 39350 | Depths:2 | 39350 ||| READING 2 scrolls of enchant armour.
 39350 | Depths:2 | 39350 ||| ENCHANTING +4 plate armour of cold resistance.
 39351 | Depths:2 | 39351 ||| READING scroll of enchant armour.
 39351 | Depths:2 | 39351 ||| ENCHANTING +5 plate armour of cold resistance.
 39367 | Depths:2 | 39367 ||| Stepping ~*~*~tactically~*~*~ (stealth).
 39370 | Depths:2 | 39370 ||| Stepping ~*~*~tactically~*~*~ (hiding).
 39384 | Depths:2 | 39384 ||| Stepping ~*~*~tactically~*~*~ (stealth).
 39386 | Depths:2 | 39386 ||| INVOKING Heroism.
 39404 | Depths:2 | Reached XP level 22. HP: 155/155 MP: 29/29
 39418 | Depths:2 | 39418 ||| Stepping ~*~*~tactically~*~*~ (stealth).
 39423 | Depths:2 | 39423 ||| Stepping ~*~*~tactically~*~*~ (hiding).
 39506 | Depths:2 | 39506 ||| INVOKING Heroism.
 39507 | Depths:2 | 39507 ||| INVOKING Finesse.
 39577 | Depths:2 | 39577 ||| Stepping ~*~*~tactically~*~*~ (hiding).
 39580 | Depths:2 | 39580 ||| Stepping ~*~*~tactically~*~*~ (hiding).
 39582 | Depths:2 | 39582 ||| INVOKING Heroism.
 39636 | Depths:2 | 39636 ||| Stepping ~*~*~tactically~*~*~ (hiding).
 39636 | Depths:2 | Paralysed by an air elemental for 1 turns
 39642 | Depths:2 | 39642 ||| INVOKING Heroism.
 39671 | Depths:2 | 39671 ||| INVOKING Heroism.
 39717 | Depths:2 | 39717 ||| INVOKING Heroism.
 39753 | Depths:2 | Found a one-way gate to the infinite horrors of the Abyss.
 39841 | Depths:2 | Identified the ring of Medeoppo {AC+4 Str+2}
 39914 | Depths:2 | Found a one-way gate leading to the halls of Pandemonium.
 39915 | Depths:2 | 39915 ||| Stepping ~*~*~tactically~*~*~ (stealth).
 39928 | Depths:2 | Identified the amulet "Wuffick" {RegenMP Dex+2}
 39979 | Depths:2 | 39979 ||| INVOKING Heroism.
 40231 | Depths:2 | 40231 ||| DROPPING amulet "Wuffick" {RegenMP Dex+2}.
 40232 | Depths:2 | 40232 ||| UPGRADING to ring of Medeoppo {AC+4 Str+2}.
 40234 | Depths:2 | 40234 ||| DROPPING +4 ring of slaying {mikee}.
 40256 | Depths:3 | 40256 ||| INVOKING Heroism.
 40257 | Depths:3 | 40257 ||| STAIRDANCE
 40269 | Depths:3 | 40269 ||| STAIRDANCE
 40280 | Depths:3 | 40280 ||| STAIRDANCE
 40285 | Depths:2 | Reached skill level 12 in Throwing
 40287 | Depths:3 | 40287 ||| STAIRDANCE
 40299 | Depths:3 | 40299 ||| STAIRDANCE
 40307 | Depths:3 | 40307 ||| STAIRDANCE
 40317 | Depths:3 | 40317 ||| STAIRDANCE
 40327 | Depths:3 | 40327 ||| STAIRDANCE
 40329 | Depths:2 | 40329 ||| INVOKING Heroism.
 40350 | Depths:3 | 40350 ||| STAIRDANCE
 40363 | Depths:3 | Noticed the Enchantress
 40366 | Depths:3 | Received a gift from Okawaru
 40367 | Depths:3 | 40367 ||| INVOKING Finesse.
 40376 | Depths:3 | Killed the Enchantress
 40379 | Depths:3 | 40379 ||| INVOKING Heroism.
 40397 | Depths:3 | Received a gift from Okawaru
 40448 | Depths:3 | Received a gift from Okawaru
 40489 | Depths:3 | Found the +6 Majin-Bo {vamp, MP+6 Int+6}
 40557 | Depths:3 | Found Equnteoq's General Store.
 40566 | Depths:3 | 40566 ||| BUYING potion of curing (45 gold).
 40566 | Depths:3 | Bought a potion of curing for 45 gold pieces
 40566 | Depths:3 | 40566 ||| BUYING potion of might (60 gold).
 40566 | Depths:3 | Bought a potion of might for 60 gold pieces
 40566 | Depths:3 | 40566 ||| BUYING scroll of enchant armour (112 gold).
 40566 | Depths:3 | Bought a scroll of enchant armour for 112 gold pieces
 40566 | Depths:3 | 40566 ||| READING scroll of enchant armour.
 40566 | Depths:3 | 40566 ||| ENCHANTING +6 plate armour of cold resistance.
 40641 | Depths:3 | 40641 ||| INVOKING Heroism.
 40745 | Depths:3 | 40745 ||| INVOKING Heroism.
 40752 | Depths:3 | Received a gift from Okawaru
 40755 | Depths:3 | Paralysed by something for 3 turns
 40759 | Depths:3 | 40759 ||| INVOKING Finesse.
 40871 | Depths:3 | 40871 ||| READING scroll of enchant armour.
 40871 | Depths:3 | 40871 ||| ENCHANTING +7 plate armour of cold resistance.
 40906 | Depths:3 | 40906 ||| INVOKING Heroism.
 40907 | Depths:3 | 40907 ||| INVOKING Finesse.
 40994 | Depths:3 | Found Cavenue's Magic Scroll Boutique.
 40999 | Depths:3 | 40999 ||| BUYING scroll of brand weapon (142 gold).
 40999 | Depths:3 | Bought a scroll of brand weapon for 142 gold pieces
 40999 | Depths:3 | 40999 ||| BUYING scroll of enchant armour (112 gold).
 40999 | Depths:3 | Bought a scroll of enchant armour for 112 gold pieces
 40999 | Depths:3 | 40999 ||| SHOPLISTING scroll of enchant armour (112 gold,
                  | have 90).
 40999 | Depths:3 | 40999 ||| BUYING scroll of teleportation (45 gold).
 40999 | Depths:3 | Bought a scroll of teleportation for 45 gold pieces
 40999 | Depths:3 | 40999 ||| READING scroll of enchant armour.
 40999 | Depths:3 | 40999 ||| ENCHANTING +8 plate armour of cold resistance.
 41052 | Depths:3 | Found a stormy altar of Qazlal.
 41147 | Depths:3 | 41147 ||| DROPPING +2 cloak.
 41186 | Depths:4 | Entered Level 4 of the Depths
 41214 | Depths:4 | 41214 ||| INVOKING Heroism.
 41265 | Depths:4 | 41265 ||| INVOKING Heroism.
 41285 | Depths:4 | 41285 ||| INVOKING Finesse.
 41340 | Depths:4 | 41340 ||| Stepping ~*~*~tactically~*~*~ (hiding).
 41341 | Depths:4 | 41341 ||| Stepping ~*~*~tactically~*~*~ (hiding).
 41361 | Depths:4 | 41361 ||| INVOKING Heroism.
 41384 | Depths:4 | 41384 ||| INVOKING Finesse.
 41385 | Depths:4 | 41385 ||| INVOKING Finesse.
 41399 | Depths:4 | 41399 ||| FLEEEEING.
 41400 | Depths:4 | 41400 ||| FLEEEEING.
 41401 | Depths:4 | 41401 ||| FLEEEEING.
 41402 | Depths:4 | 41402 ||| FLEEEEING.
 41403 | Depths:4 | 41403 ||| FLEEEEING.
 41404 | Depths:4 | 41404 ||| FLEEEEING.
 41409 | Depths:4 | 41409 ||| FLEEEEING.
 41410 | Depths:4 | 41410 ||| FLEEEEING.
 41411 | Depths:4 | 41411 ||| FLEEEEING.
 41412 | Depths:4 | 41412 ||| FLEEEEING.
 41413 | Depths:4 | 41413 ||| FLEEEEING.
 41414 | Depths:4 | 41414 ||| FLEEEEING.
 41415 | Depths:4 | 41415 ||| FLEEEEING.
 41416 | Depths:4 | 41416 ||| FLEEEEING.
 41417 | Depths:4 | 41417 ||| FLEEEEING.
 41419 | Depths:4 | 41419 ||| FLEEEEING.
 41420 | Depths:4 | 41420 ||| FLEEEEING.
 41421 | Depths:4 | 41421 ||| FLEEEEING.
 41422 | Depths:4 | 41422 ||| FLEEEEING.
 41423 | Depths:4 | 41423 ||| Stepping ~*~*~tactically~*~*~ (hiding).
 41424 | Depths:4 | 41424 ||| Stepping ~*~*~tactically~*~*~ (hiding).
 41425 | Depths:4 | 41425 ||| Stepping ~*~*~tactically~*~*~ (hiding).
 41426 | Depths:4 | 41426 ||| INVOKING Heroism.
 41456 | Depths:4 | 41456 ||| Stepping ~*~*~tactically~*~*~ (hiding).
 41457 | Depths:4 | 41457 ||| Stepping ~*~*~tactically~*~*~ (hiding).
 41474 | Depths:4 | 41474 ||| Stepping ~*~*~tactically~*~*~ (stealth).
 41476 | Depths:4 | 41476 ||| Stepping ~*~*~tactically~*~*~ (hiding).
 41488 | Depths:4 | 41488 ||| INVOKING Heroism.
 41493 | Depths:4 | Received a gift from Okawaru
 41506 | Depths:4 | 41506 ||| Stepping ~*~*~tactically~*~*~ (stealth).
 41578 | Depths:4 | 41578 ||| Stepping ~*~*~tactically~*~*~ (hiding).
 41580 | Depths:4 | 41580 ||| Stepping ~*~*~tactically~*~*~ (hiding).
 41585 | Depths:4 | 41585 ||| INVOKING Heroism.
 41692 | Depths:4 | 41692 ||| Stepping ~*~*~tactically~*~*~ (hiding).
 41694 | Depths:4 | 41694 ||| Stepping ~*~*~tactically~*~*~ (hiding).
 41695 | Depths:4 | 41695 ||| INVOKING Heroism.
 41698 | Depths:4 | 41698 ||| Stepping ~*~*~tactically~*~*~ (hiding).
 41699 | Depths:4 | 41699 ||| Stepping ~*~*~tactically~*~*~ (hiding).
 41715 | Depths:4 | Reached XP level 23. HP: 122/162 MP: 30/30
 41867 | Depths:4 | Found a one-way gateway to a ziggurat.
 41933 | Depths:4 | 41933 ||| Stepping ~*~*~tactically~*~*~ (stealth).
 41934 | Depths:4 | 41934 ||| INVOKING Heroism.
 42065 | Depths:4 | 42065 ||| Stepping ~*~*~tactically~*~*~ (stealth).
 42068 | Depths:4 | 42068 ||| Stepping ~*~*~tactically~*~*~ (stealth).
 42070 | Depths:4 | 42070 ||| Stepping ~*~*~tactically~*~*~ (hiding).
 42156 | Depths:4 | Found Atitubuv's Book Shoppe.
 42156 | Depths:4 | Found Geimano's Jewellery Boutique.
 42157 | Depths:4 | Found Usyan's Jewellery Boutique.
 42163 | Depths:4 | 42163 ||| SHOPLISTING ring of protection from fire (475
                  | gold, have 176).
 42167 | Depths:4 | 42167 ||| SHOPLISTING amulet of Kissosuj {Acrobat Will+
                  | Dex+8} (653 gold, have 176).
 42167 | Depths:4 | 42167 ||| SHOPLISTING ring "Joptotyu" {rPois rF+ MP+9 Dex+3
                  | SInv} (642 gold, have 176).
 42190 | Depths:4 | Noticed a golden dragon
 42191 | Depths:4 | 42191 ||| INVOKING Heroism.
 42205 | Depths:4 | Killed a golden dragon
 42239 | Depths:4 | Found a gate to the Realm of Zot.
 42246 | Depths:4 | 42246 ||| PLANNING VAULTS:5
 42246 | Depths:4 | 42246 ||| DROPPING ring of magical power.
 42568 | Vaults:5 | Entered Level 5 of the Vaults
 42569 | Vaults:5 | 42569 ||| INVOKING Heroism.
 42570 | Vaults:5 | 42570 ||| STAIRDANCE
 42588 | Vaults:5 | 42588 ||| STAIRDANCE
 42615 | Vaults:5 | 42615 ||| STAIRDANCE
 42617 | Vaults:4 | 42617 ||| INVOKING Heroism.
 42634 | Vaults:4 | Reached skill level 21 in Armour
 42646 | Vaults:5 | 42646 ||| STAIRDANCE
 42655 | Vaults:4 | Received a gift from Okawaru
 42660 | Vaults:5 | 42660 ||| STAIRDANCE
 42662 | Vaults:4 | 42662 ||| INVOKING Finesse.
 42695 | Vaults:5 | 42695 ||| STAIRDANCE
 42714 | Vaults:5 | 42714 ||| INVOKING Heroism.
 42715 | Vaults:5 | 42715 ||| INVOKING Finesse.
 42772 | Vaults:5 | Noticed a dread lich
 42786 | Vaults:5 | 42786 ||| FLEEEEING.
 42787 | Vaults:5 | 42787 ||| STAIRDANCE
 42794 | Vaults:4 | 42794 ||| DRINKING 2 potions of resistance.
 42811 | Vaults:4 | 42811 ||| INVOKING Heroism.
 42824 | Vaults:4 | Killed a dread lich
 42881 | Vaults:5 | 42881 ||| STAIRDANCE
 42890 | Vaults:5 | 42890 ||| STAIRDANCE
 42897 | Vaults:5 | 42897 ||| STAIRDANCE
 42933 | Vaults:5 | 42933 ||| Stepping ~*~*~tactically~*~*~ (stealth).
 42936 | Vaults:5 | 42936 ||| Stepping ~*~*~tactically~*~*~ (stealth).
 42946 | Vaults:5 | 42946 ||| Stepping ~*~*~tactically~*~*~ (hiding).
 42947 | Vaults:5 | 42947 ||| Stepping ~*~*~tactically~*~*~ (hiding).
 42950 | Vaults:5 | 42950 ||| INVOKING Heroism.
 42951 | Vaults:5 | 42951 ||| INVOKING Finesse.
 42970 | Vaults:5 | 42970 ||| Stepping ~*~*~tactically~*~*~ (stealth).
 43001 | Vaults:5 | Identified the +9 broad axe of Okawaru's Favour {flame,
                  | Drain rPois Dex+4}
 43006 | Vaults:5 | Received a gift from Okawaru
 43007 | Vaults:5 | Noticed an ancient lich
 43009 | Vaults:5 | 43009 ||| INVOKING Heroism.
 43011 | Vaults:5 | 43011 ||| INVOKING Finesse.
 43023 | Vaults:5 | Killed an ancient lich
 43033 | Vaults:5 | 43033 ||| Stepping ~*~*~tactically~*~*~ (stealth).
 43072 | Vaults:5 | 43072 ||| DROPPING +8 broad axe of the Fulmar {pain, *Noise
                  | rElec rC- rN+++}.
 43089 | Vaults:5 | 43089 ||| INVOKING Heroism.
 43121 | Vaults:5 | 43121 ||| Stepping ~*~*~tactically~*~*~ (hiding).
 43134 | Vaults:5 | 43134 ||| INVOKING Heroism.
 43139 | Vaults:5 | Identified the +3 short sword of Gamnor {freeze, Str+6
                  | Dex-3}
 43148 | Abyss:3  | Cast into level 3 of the Abyss (tengu reaver)
 43153 | Abyss:3  | Identified the +6 hand axe of the Coin {drain, Stlth+}
                  | (Okawaru gifted it to you on level 3 of the Abyss)
 43153 | Abyss:3  | Received a gift from Okawaru
 43161 | Abyss:3  | Paralysed by accursed screaming for 2 turns
 43180 | Abyss:3  | 43180 ||| Stepping ~*~*~tactically~*~*~ (hiding).
 43181 | Abyss:3  | 43181 ||| Stepping ~*~*~tactically~*~*~ (hiding).
 43182 | Abyss:3  | 43182 ||| INVOKING Heroism.
 43227 | Vaults:5 | Escaped the Abyss
 43233 | Vaults:5 | 43233 ||| Stepping ~*~*~tactically~*~*~ (hiding).
 43256 | Vaults:5 | Identified the +9 spear of Yredelemnul's Grace {protect,
                  | rElec Dex+4}
 43259 | Vaults:5 | Identified the +1 scale mail "Baoniacint" {rElec Slay+3}
 43261 | Vaults:5 | Identified the +2 pair of boots "Hero's Friend" {SInv}
 43318 | Vaults:5 | 43318 ||| INVOKING Heroism.
 43346 | Vaults:5 | 43346 ||| Stepping ~*~*~tactically~*~*~ (hiding).
 43356 | Vaults:5 | 43356 ||| INVOKING Heroism.
 43369 | Vaults:5 | 43369 ||| Stepping ~*~*~tactically~*~*~ (hiding).
 43371 | Vaults:5 | Noticed a golden dragon
 43372 | Vaults:5 | 43372 ||| INVOKING Finesse.
 43372 | Vaults:5 | Noticed a golden dragon
 43390 | Vaults:5 | Killed a golden dragon
 43393 | Vaults:5 | Killed a golden dragon
 43395 | Vaults:5 | Found Kudyko's Magic Scroll Emporium.
 43395 | Vaults:5 | Found Imon's Distillery.
 43430 | Vaults:5 | Reached XP level 24. HP: 171/171 MP: 30/30
 43452 | Vaults:5 | 43452 ||| Stepping ~*~*~tactically~*~*~ (hiding).
 43540 | Vaults:5 | 43540 ||| Stepping ~*~*~tactically~*~*~ (stealth).
 43542 | Vaults:5 | 43542 ||| Stepping ~*~*~tactically~*~*~ (hiding).
 43543 | Vaults:5 | 43543 ||| Stepping ~*~*~tactically~*~*~ (hiding).
 43600 | Vaults:5 | Found Lozucet's Distillery.
 43601 | Vaults:5 | 43601 ||| BUYING scroll of enchant weapon (105 gold).
 43601 | Vaults:5 | Bought a scroll of enchant weapon for 105 gold pieces
 43601 | Vaults:5 | 43601 ||| BUYING scroll of teleportation (42 gold).
 43601 | Vaults:5 | Bought a scroll of teleportation for 42 gold pieces
 43601 | Vaults:5 | 43601 ||| BUYING scroll of teleportation (42 gold).
 43601 | Vaults:5 | Bought a scroll of teleportation for 42 gold pieces
 43601 | Vaults:5 | 43601 ||| READING scroll of enchant weapon.
 43601 | Vaults:5 | 43601 ||| ENCHANTING +5 vampiric broad axe.
 43609 | Vaults:5 | 43609 ||| BUYING 2 potions of curing (96 gold).
 43609 | Vaults:5 | Bought 2 potions of curing for 96 gold pieces
 43609 | Vaults:5 | 43609 ||| SHOPLISTING 2 potions of mutation (256 gold, have
                  | 28).
 43609 | Vaults:5 | 43609 ||| SHOPLISTING potion of curing (48 gold, have 28).
 43609 | Vaults:5 | 43609 ||| SHOPLISTING potion of haste (160 gold, have 28).
 43609 | Vaults:5 | 43609 ||| SHOPLISTING potion of heal wounds (80 gold, have
                  | 28).
 43623 | Vaults:5 | 43623 ||| SHOPLISTING potion of attraction (33 gold, have
                  | 28).
 43623 | Vaults:5 | 43623 ||| SHOPLISTING potion of curing (33 gold, have 28).
 43623 | Vaults:5 | 43623 ||| SHOPLISTING potion of heal wounds (55 gold, have
                  | 28).
 43623 | Vaults:5 | 43623 ||| SHOPLISTING potion of might (44 gold, have 28).
 43623 | Vaults:5 | 43623 ||| SHOPLISTING potion of resistance (110 gold, have
                  | 28).
 43659 | Vaults:5 | 43659 ||| INVOKING Heroism.
 43704 | Vaults:5 | Found Ystocah's Magic Scroll Emporium.
 43704 | Vaults:5 | Found Ezedawas's Distillery.
 43709 | Vaults:5 | 43709 ||| SHOPLISTING scroll of enchant weapon (90 gold,
                  | have 28).
 43709 | Vaults:5 | 43709 ||| SHOPLISTING scroll of teleportation (36 gold,
                  | have 28).
 43716 | Vaults:5 | 43716 ||| SHOPLISTING 2 potions of lignification (102 gold,
                  | have 28).
 43716 | Vaults:5 | 43716 ||| SHOPLISTING potion of lignification (51 gold,
                  | have 28).
 43716 | Vaults:5 | 43716 ||| SHOPLISTING potion of might (68 gold, have 28).
 43716 | Vaults:5 | 43716 ||| SHOPLISTING potion of mutation (136 gold, have
                  | 28).
 43725 | Vaults:5 | Found Muofomuepn's Magic Scroll Shop.
 43729 | Vaults:5 | 43729 ||| SHOPLISTING scroll of acquirement (884 gold, have
                  | 28).
 43729 | Vaults:5 | 43729 ||| SHOPLISTING scroll of enchant armour (127 gold,
                  | have 28).
 43729 | Vaults:5 | 43729 ||| SHOPLISTING scroll of teleportation (51 gold,
                  | have 28).
 43733 | Vaults:5 | Found Zavah's Magic Scroll Shoppe.
 43737 | Vaults:5 | 43737 ||| SHOPLISTING scroll of enchant weapon (90 gold,
                  | have 28).
 43737 | Vaults:5 | 43737 ||| SHOPLISTING scroll of teleportation (36 gold,
                  | have 28).
 43769 | Vaults:5 | 43769 ||| INVOKING Heroism.
 43782 | Vaults:5 | 43782 ||| Stepping ~*~*~tactically~*~*~ (hiding).
 43784 | Vaults:5 | 43784 ||| Stepping ~*~*~tactically~*~*~ (hiding).
 43797 | Vaults:5 | Received a gift from Okawaru
 43800 | Vaults:5 | 43800 ||| INVOKING Heroism.
 43905 | Vaults:5 | 43905 ||| INVOKING Heroism.
 43906 | Vaults:5 | 43906 ||| INVOKING Finesse.
 43931 | Vaults:5 | 43931 ||| Stepping ~*~*~tactically~*~*~ (stealth).
 43958 | Vaults:5 | 43958 ||| Stepping ~*~*~tactically~*~*~ (stealth).
 43959 | Vaults:5 | 43959 ||| Stepping ~*~*~tactically~*~*~ (stealth).
 44068 | Vaults:5 | Identified the ring of Thoughtfulness {Will+ rCorr Str+4
                  | Dex-3 SInv}
 44148 | Vaults:5 | Received a gift from Okawaru
 44277 | Vaults:5 | 44277 ||| FLEEEEING.
 44278 | Vaults:5 | 44278 ||| FLEEEEING.
 44284 | Vaults:5 | 44284 ||| FLEEEEING.
 44285 | Vaults:5 | 44285 ||| FLEEEEING.
 44286 | Vaults:5 | 44286 ||| FLEEEEING.
 44287 | Vaults:5 | 44287 ||| FLEEEEING.
 44292 | Vaults:5 | 44292 ||| STAIRDANCE
 44394 | Vaults:4 | 44394 ||| DROPPING +2 pair of boots of stealth.
 44395 | Vaults:4 | 44395 ||| UPGRADING to +0 tower shield.
 44405 | Vaults:4 | 44405 ||| DROPPING +0 kite shield of reflection.
 44406 | Vaults:4 | 44406 ||| UPGRADING to +2 pair of boots "Hero's Friend"
                  | {SInv}.
 44416 | Vaults:4 | 44416 ||| DROPPING +1 pair of gloves.
 44417 | Vaults:4 | 44417 ||| DROPPING ring of ice.
 44418 | Vaults:4 | 44418 ||| UPGRADING to ring of Thoughtfulness {Will+ rCorr
                  | Str+4 Dex-3 SInv}.
 44420 | Vaults:4 | 44420 ||| UPGRADING to +0 pair of boots of Truth {rF-
                  | Regen+ Str+3}.
 44438 | Vaults:5 | 44438 ||| Stepping ~*~*~tactically~*~*~ (hiding).
 44445 | Vaults:5 | 44445 ||| INVOKING Heroism.
 44601 | Vaults:5 | Identified the +0 scale mail of Agnosticism {Int+3}
 44678 | Vaults:5 | Got a silver rune of Zot
 44679 | Vaults:5 | Identified the amulet "Bejeaqir" {Acrobat rF+ rN++ Dex+3
                  | Stlth-}
 44831 | Vaults:5 | 44831 ||| PLANNING SHOPPING SPREE
 44831 | Vaults:5 | 44831 ||| DROPPING scarf of shadows.
 44832 | Vaults:5 | 44832 ||| UPGRADING to amulet "Bejeaqir" {Acrobat rF+ rN++
                  | Dex+3 Stlth-}.
 44870 | Vaults:5 | 44870 ||| BUYING potion of attraction (33 gold).
 44870 | Vaults:5 | Bought a potion of attraction for 33 gold pieces
 44870 | Vaults:5 | 44870 ||| BUYING potion of curing (33 gold).
 44870 | Vaults:5 | Bought a potion of curing for 33 gold pieces
 44870 | Vaults:5 | 44870 ||| BUYING potion of heal wounds (55 gold).
 44870 | Vaults:5 | Bought a potion of heal wounds for 55 gold pieces
 44870 | Vaults:5 | 44870 ||| BUYING potion of might (44 gold).
 44870 | Vaults:5 | Bought a potion of might for 44 gold pieces
 44870 | Vaults:5 | 44870 ||| BUYING potion of might (44 gold).
 44870 | Vaults:5 | Bought a potion of might for 44 gold pieces
 44870 | Vaults:5 | 44870 ||| BUYING potion of resistance (110 gold).
 44870 | Vaults:5 | Bought a potion of resistance for 110 gold pieces
 44881 | Vaults:5 | 44881 ||| BUYING scroll of enchant weapon (90 gold).
 44881 | Vaults:5 | Bought a scroll of enchant weapon for 90 gold pieces
 44881 | Vaults:5 | 44881 ||| BUYING scroll of teleportation (36 gold).
 44881 | Vaults:5 | Bought a scroll of teleportation for 36 gold pieces
 44881 | Vaults:5 | 44881 ||| SHOPLISTING scroll of teleportation (36 gold,
                  | have 21).
 44881 | Vaults:5 | 44881 ||| READING scroll of enchant weapon.
 44881 | Vaults:5 | 44881 ||| ENCHANTING +6 vampiric broad axe.
 44882 | Vaults:5 | 44882 ||| CLEARING SHOPPING LIST
 44882 | Vaults:5 | 44882 ||| PLANNING ZOT:1-4
 44882 | Vaults:5 | 44882 ||| READING 10 scrolls of teleportation.
 44885 | Vaults:5 | 44885 ||| UPGRADING to +2 pair of boots "Hero's Friend"
                  | {SInv}.
 45246 | Zot:1    | Entered Level 1 of the Realm of Zot
 45503 | Zot:1    | 45503 ||| INVOKING Heroism.
 45543 | Zot:1    | 45543 ||| INVOKING Heroism.
 45554 | Zot:1    | Identified the +6 tower shield "Beakk" {Slay+4} (Okawaru
                  | gifted it to you on level 1 of the Realm of Zot)
 45554 | Zot:1    | Received a gift from Okawaru
 45696 | Zot:1    | 45696 ||| INVOKING Heroism.
 45892 | Zot:1    | 45892 ||| INVOKING Heroism.
 45914 | Zot:1    | 45914 ||| INVOKING Heroism.
 45938 | Zot:1    | Reached skill level 21 in Shields
 46207 | Zot:1    | 46207 ||| Stepping ~*~*~tactically~*~*~ (stealth).
 46210 | Zot:1    | 46210 ||| Stepping ~*~*~tactically~*~*~ (hiding).
 46213 | Zot:1    | 46213 ||| INVOKING Heroism.
 46422 | Zot:1    | 46422 ||| UPGRADING to +6 tower shield "Beakk" {Slay+4}.
 46432 | Zot:1    | 46432 ||| DROPPING +0 tower shield.
 46534 | Zot:2    | 46534 ||| Stepping ~*~*~tactically~*~*~ (stealth).
 46550 | Zot:2    | 46550 ||| Stepping ~*~*~tactically~*~*~ (stealth).
 46551 | Zot:2    | 46551 ||| Stepping ~*~*~tactically~*~*~ (stealth).
 46552 | Zot:2    | 46552 ||| Stepping ~*~*~tactically~*~*~ (stealth).
 46565 | Zot:2    | 46565 ||| INVOKING Heroism.
 46639 | Zot:2    | Noticed an orb of fire
 46640 | Zot:2    | 46640 ||| DRINKING 2 potions of resistance.
 46640 | Zot:2    | Gained mutation: Your magical capacity is low. (-10% MP)
                  | [an orb of fire]
 46641 | Zot:2    | 46641 ||| INVOKING Heroism.
 46642 | Zot:2    | 46642 ||| INVOKING Finesse.
 46643 | Zot:2    | Gained mutation: Armour fits poorly on your strangely
                  | shaped body. [an orb of fire]
 46644 | Zot:2    | Gained mutation: You are weak. (Str -2) [an orb of fire]
 46654 | Zot:2    | Gained mutation: Potions are less effective at restoring
                  | your health. [an orb of fire]
 46657 | Zot:2    | Gained mutation: You have hidden genetic defects. [an orb
                  | of fire]
 46659 | Zot:2    | Gained mutation: You are agile. (Dex +4, Str/Int -1) [an
                  | orb of fire]
 46665 | Zot:2    | Killed an orb of fire
 46836 | Zot:2    | 46836 ||| DRINKING 20 potions of mutation.
 46836 | Zot:2    | Lost mutation: You are weak. (Str -2) [potion of mutation]
 46836 | Zot:2    | Lost mutation: Potions are less effective at restoring your
                  | health. [potion of mutation]
 46836 | Zot:2    | Gained mutation: Your body sometimes deteriorates upon
                  | taking damage. [potion of mutation]
 46836 | Zot:2    | Gained mutation: You are partially covered in large bone
                  | plates. (SH +4) [potion of mutation]
 46836 | Zot:2    | Lost mutation: You have hidden genetic defects. [potion of
                  | mutation]
 46836 | Zot:2    | Gained mutation: You passively map a small area around you.
                  | [potion of mutation]
 46837 | Zot:2    | 46837 ||| DRINKING 19 potions of mutation.
 46837 | Zot:2    | Lost mutation: You are partially covered in large bone
                  | plates. (SH +4) [potion of mutation]
 46837 | Zot:2    | Lost mutation: Armour fits poorly on your strangely shaped
                  | body. [potion of mutation]
 46837 | Zot:2    | Gained mutation: You have large cloven feet. [potion of
                  | mutation]
 46837 | Zot:2    | Lost mutation: You have large cloven feet. [potion of
                  | mutation]
 46837 | Zot:2    | Gained mutation: You are very agile. (Dex +8, Str/Int -2)
                  | [potion of mutation]
 47022 | Zot:2    | 47022 ||| INVOKING Heroism.
 47065 | Zot:2    | 47065 ||| INVOKING Heroism.
 47116 | Zot:2    | 47116 ||| INVOKING Heroism.
 47130 | Zot:2    | Reached XP level 25. HP: 135/177 MP: 27/27
 47134 | Zot:2    | Reached skill level 9 in Dodging
 47258 | Zot:2    | 47258 ||| Stepping ~*~*~tactically~*~*~ (hiding).
 47261 | Zot:2    | 47261 ||| INVOKING Heroism.
 47262 | Zot:2    | 47262 ||| Stepping ~*~*~tactically~*~*~ (hiding).
 47583 | Zot:3    | 47583 ||| INVOKING Heroism.
 47683 | Zot:3    | 47683 ||| INVOKING Heroism.
 47873 | Zot:3    | 47873 ||| INVOKING Heroism.
 47907 | Zot:3    | Identified the ring "Mukirghaf" {rCorr EV+4 Str-2 Dex+7}
 47975 | Zot:3    | 47975 ||| INVOKING Heroism.
 48004 | Zot:3    | Received a gift from Okawaru
 48099 | Zot:3    | 48099 ||| INVOKING Heroism.
 48122 | Zot:3    | HP: 42/177 [black draconian knight/+3 broad axe[a green
                  | draconian monk] (17)]
 48123 | Zot:3    | 48123 ||| READING 9 scrolls of teleportation.
 48124 | Zot:3    | 48124 ||| DRINKING 5 potions of heal wounds.
 48127 | Zot:3    | 48127 ||| INVOKING Heroism.
 48130 | Zot:3    | Identified the +7 war axe of Akuqaet {vorpal, rElec rPois
                  | rC- rCorr} (Okawaru gifted it to you on level 3 of the
                  | Realm of Zot)
 48130 | Zot:3    | Received a gift from Okawaru
 48247 | Zot:3    | 48247 ||| Stepping ~*~*~tactically~*~*~ (hiding).
 48421 | Zot:3    | 48421 ||| Stepping ~*~*~tactically~*~*~ (hiding).
 48422 | Zot:3    | 48422 ||| Stepping ~*~*~tactically~*~*~ (stealth).
 48439 | Zot:3    | 48439 ||| INVOKING Heroism.
 48634 | Zot:3    | Noticed a Killer Klown
 48635 | Zot:3    | 48635 ||| Stepping ~*~*~tactically~*~*~ (hiding).
 48636 | Zot:3    | 48636 ||| INVOKING Heroism.
 48637 | Zot:3    | 48637 ||| INVOKING Finesse.
 48652 | Zot:3    | Killed a Killer Klown
 48892 | Zot:3    | 48892 ||| DROPPING ring of resist corrosion.
 48893 | Zot:3    | 48893 ||| UPGRADING to ring "Mukirghaf" {rCorr EV+4 Str-2
                  | Dex+7}.
 48895 | Zot:3    | 48895 ||| UPGRADING to +4 ring of protection.
 48897 | Zot:3    | 48897 ||| UPGRADING to ring of Medeoppo {AC+4 Str+2}.
 48899 | Zot:3    | 48899 ||| DROPPING +4 ring of protection.
 48977 | Zot:4    | 48977 ||| READING scroll of enchant weapon.
 48977 | Zot:4    | 48977 ||| ENCHANTING +7 vampiric broad axe.
 49064 | Zot:4    | 49064 ||| Stepping ~*~*~tactically~*~*~ (hiding).
 49065 | Zot:4    | 49065 ||| Stepping ~*~*~tactically~*~*~ (hiding).
 49070 | Zot:4    | 49070 ||| INVOKING Heroism.
 49390 | Zot:4    | 49390 ||| PLANNING THE SHINING ONE WORSHIP
 49764 | D:4      | Fell from the grace of Okawaru
 49764 | D:4      | Became a worshipper of the Shining One
 49765 | D:4      | 49765 ||| PLANNING CRYPT
 49765 | D:4      | 49765 ||| SWAPPING to +9 broad axe of Okawaru's Favour
                  | {flame, Drain rPois Dex+4}.
 50087 | Crypt:1  | Entered Level 1 of the Crypt
 50285 | Crypt:1  | Reached * piety under the Shining One
 50575 | Crypt:1  | Reached ** piety under the Shining One
 50576 | Crypt:1  | Reached skill level 11 in Invocations
 50944 | Crypt:1  | 50944 ||| UPGRADING to +0 pair of boots of Truth {rF-
                  | Regen+ Str+3}.
 50992 | Crypt:2  | Reached *** piety under the Shining One
 51004 | Crypt:2  | 51004 ||| Stepping ~*~*~tactically~*~*~ (hiding).
 51016 | Crypt:2  | 51016 ||| Stepping ~*~*~tactically~*~*~ (hiding).
 51020 | Crypt:2  | 51020 ||| Stepping ~*~*~tactically~*~*~ (hiding).
 51032 | Crypt:2  | 51032 ||| Stepping ~*~*~tactically~*~*~ (stealth).
 51050 | Crypt:2  | Noticed Zenata
 51050 | Crypt:2  | Reached **** piety under the Shining One
 51057 | Crypt:2  | Reached skill level 12 in Invocations
 51069 | Crypt:2  | Killed Zenata
 51107 | Crypt:2  | 51107 ||| Stepping ~*~*~tactically~*~*~ (hiding).
 51108 | Crypt:2  | 51108 ||| Stepping ~*~*~tactically~*~*~ (hiding).
 51109 | Crypt:2  | 51109 ||| Stepping ~*~*~tactically~*~*~ (hiding).
 51110 | Crypt:2  | 51110 ||| Stepping ~*~*~tactically~*~*~ (hiding).
 51112 | Crypt:2  | 51112 ||| Stepping ~*~*~tactically~*~*~ (hiding).
 51131 | Crypt:2  | Noticed Frederick
 51141 | Crypt:2  | Killed Frederick
 51204 | Crypt:2  | Reached ***** piety under the Shining One
 51333 | Crypt:2  | 51333 ||| Stepping ~*~*~tactically~*~*~ (stealth).
 51519 | Crypt:2  | 51519 ||| Stepping ~*~*~tactically~*~*~ (hiding).
 51529 | Crypt:2  | Reached skill level 13 in Invocations
 51558 | Crypt:2  | 51558 ||| Stepping ~*~*~tactically~*~*~ (hiding).
 51686 | Crypt:2  | 51686 ||| Stepping ~*~*~tactically~*~*~ (hiding).
 51762 | Crypt:3  | Entered Level 3 of the Crypt
 51763 | Crypt:3  | 51763 ||| STAIRDANCE
 51771 | Crypt:3  | 51771 ||| STAIRDANCE
 51899 | Crypt:3  | Noticed Fainec's ghost (veteran GrEE)
 51900 | Crypt:3  | Found a runed translucent gate.
 51902 | Crypt:3  | Found a runed translucent gate.
 51903 | Crypt:3  | Found a runed translucent gate.
 52001 | Crypt:3  | 52001 ||| Stepping ~*~*~tactically~*~*~ (stealth).
 52013 | Crypt:3  | 52013 ||| Stepping ~*~*~tactically~*~*~ (stealth).
 52055 | Crypt:3  | Reached skill level 12 in Dodging
 52073 | Crypt:3  | Reached ****** piety under the Shining One
 52074 | Crypt:3  | 52074 ||| INVOKING Brand Weapon With Holy Wrath.
 52074 | Crypt:3  | Identified a +9 broad axe of holy wrath (a +8 vampiric
                  | broad axe blessed by the Shining One)
 52074 | Crypt:3  | Received a gift from the Shining One
 52075 | Crypt:3  | 52075 ||| DROPPING +4 hand axe of the Lame Duck {spect,
                  | Drain *Slow rN+++ rCorr}.
 52134 | Crypt:3  | Noticed Bai Suzhen
 52153 | Crypt:3  | Reached XP level 26. HP: 184/184 MP: 29/29
 52154 | Crypt:3  | 52154 ||| INVOKING Cleansing Flame.
 52155 | Crypt:3  | 52155 ||| INVOKING Cleansing Flame.
 52160 | Crypt:3  | Killed Bai Suzhen
 52161 | Crypt:3  | Reached skill level 14 in Invocations
 52181 | Crypt:3  | Found a basalt altar of Yredelemnul.
 52208 | Crypt:3  | 52208 ||| INVOKING Cleansing Flame.
 52222 | Crypt:3  | 52222 ||| FLEEEEING.
 52319 | Crypt:3  | 52319 ||| INVOKING Summon Divine Warrior.
 52321 | Crypt:3  | 52321 ||| INVOKING Cleansing Flame.
 52322 | Crypt:3  | 52322 ||| INVOKING Cleansing Flame.
 52464 | Crypt:3  | Identified the amulet of the Stallion {rC+ Regen+}
 52464 | Crypt:3  | Identified the ring "Ylauc" {rElec rPois rC++ rN+ Slay-3}
 52798 | Crypt:3  | Found a staircase to the Tomb.
 52922 | Crypt:3  | 52922 ||| PLANNING TOMB
 52922 | Crypt:3  | 52922 ||| DROPPING ring of fire.
 52923 | Crypt:3  | 52923 ||| SWAPPING to +9 broad axe of holy wrath.
 52924 | Crypt:3  | 52924 ||| DROPPING ring of see invisible.
 52973 | Tomb:1   | Entered Level 1 of the Tomb of the Ancients
 53134 | Tomb:1   | Reached skill level 15 in Invocations
 53390 | Tomb:1   | 53390 ||| INVOKING Cleansing Flame.
 53470 | Tomb:1   | 53470 ||| INVOKING Cleansing Flame.
 53498 | Tomb:1   | Identified the +8 glaive of the Special Lies {venom, Drain
                  | rN+++}
 53499 | Tomb:1   | 53499 ||| INVOKING Cleansing Flame.
 53500 | Tomb:1   | 53500 ||| INVOKING Cleansing Flame.
 53501 | Tomb:1   | 53501 ||| INVOKING Cleansing Flame.
 53521 | Tomb:1   | 53521 ||| INVOKING Cleansing Flame.
 53871 | Tomb:2   | 53871 ||| DRINKING 19 potions of haste.
 53872 | Tomb:2   | 53872 ||| DRINKING 11 potions of attraction.
 53873 | Tomb:2   | 53873 ||| INVOKING Cleansing Flame.
 53874 | Tomb:2   | 53874 ||| INVOKING Cleansing Flame.
 53874 | Tomb:2   | Noticed a royal mummy
 53875 | Tomb:2   | Reached skill level 16 in Invocations
 53875 | Tomb:2   | Noticed a royal mummy
 53875 | Tomb:2   | 53875 ||| INVOKING Cleansing Flame.
 53876 | Tomb:2   | 53876 ||| INVOKING Cleansing Flame.
 53876 | Tomb:2   | Noticed a royal mummy
 53876 | Tomb:2   | Noticed a royal mummy
 53877 | Tomb:2   | 53877 ||| INVOKING Summon Divine Warrior.
 53878 | Tomb:2   | 53878 ||| INVOKING Cleansing Flame.
 53880 | Tomb:2   | 53880 ||| INVOKING Cleansing Flame.
 53884 | Tomb:2   | 53884 ||| INVOKING Cleansing Flame.
 53884 | Tomb:2   | Killed a royal mummy
 53884 | Tomb:2   | Killed a royal mummy
 53885 | Tomb:2   | Reached skill level 17 in Invocations
 53885 | Tomb:2   | Killed a royal mummy
 53887 | Tomb:2   | Killed a royal mummy
 53892 | Tomb:2   | 53892 ||| INVOKING Cleansing Flame.
 53910 | Tomb:2   | 53910 ||| INVOKING Cleansing Flame.
 53921 | Tomb:2   | 53921 ||| INVOKING Cleansing Flame.
 53949 | Tomb:2   | 53949 ||| INVOKING Cleansing Flame.
 53950 | Tomb:2   | 53950 ||| Stepping randomly (cloudy).
 53953 | Tomb:2   | 53953 ||| Stepping randomly (cloudy).
 53954 | Tomb:2   | 53954 ||| Stepping randomly (cloudy).
 53955 | Tomb:2   | 53955 ||| Stepping randomly (cloudy).
 53956 | Tomb:2   | 53956 ||| Stepping randomly (cloudy).
 54061 | Tomb:2   | 54061 ||| READING scroll of enchant armour.
 54061 | Tomb:2   | 54061 ||| ENCHANTING +9 plate armour of cold resistance.
 54276 | Tomb:1   | Noticed a royal mummy
 54277 | Tomb:1   | 54277 ||| Stepping ~*~*~tactically~*~*~ (stealth).
 54278 | Tomb:1   | 54278 ||| INVOKING Summon Divine Warrior.
 54282 | Tomb:1   | Killed a royal mummy
 54283 | Tomb:1   | Reached skill level 18 in Invocations
 54285 | Tomb:1   | Noticed a royal mummy
 54289 | Tomb:1   | Killed a royal mummy
 54337 | Tomb:1   | Noticed a royal mummy
 54345 | Tomb:1   | Killed a royal mummy
 54363 | Tomb:1   | Noticed a royal mummy
 54364 | Tomb:1   | 54364 ||| Stepping ~*~*~tactically~*~*~ (hiding).
 54368 | Tomb:1   | 54368 ||| INVOKING Summon Divine Warrior.
 54370 | Tomb:1   | 54370 ||| INVOKING Cleansing Flame.
 54372 | Tomb:1   | Killed a royal mummy
 54431 | Tomb:1   | Noticed a royal mummy
 54435 | Tomb:1   | 54435 ||| INVOKING Cleansing Flame.
 54435 | Tomb:1   | Noticed a royal mummy
 54437 | Tomb:1   | Killed a royal mummy
 54439 | Tomb:1   | Noticed a royal mummy
 54441 | Tomb:1   | 54441 ||| INVOKING Cleansing Flame.
 54442 | Tomb:1   | 54442 ||| INVOKING Cleansing Flame.
 54443 | Tomb:1   | 54443 ||| INVOKING Cleansing Flame.
 54443 | Tomb:1   | Killed a royal mummy
 54447 | Tomb:1   | 54447 ||| INVOKING Cleansing Flame.
 54449 | Tomb:1   | Killed a royal mummy
 54450 | Tomb:1   | Reached skill level 19 in Invocations
 54450 | Tomb:1   | Reached XP level 27. HP: 131/189 MP: 17/32
 54500 | Tomb:1   | Noticed a royal mummy
 54501 | Tomb:1   | 54501 ||| INVOKING Summon Divine Warrior.
 54503 | Tomb:1   | Noticed a royal mummy
 54505 | Tomb:1   | Killed a royal mummy
 54508 | Tomb:1   | 54508 ||| INVOKING Cleansing Flame.
 54509 | Tomb:1   | 54509 ||| INVOKING Cleansing Flame.
 54510 | Tomb:1   | 54510 ||| INVOKING Cleansing Flame.
 54510 | Tomb:1   | Killed a royal mummy
 54616 | Tomb:1   | Noticed a royal mummy
 54624 | Tomb:1   | Killed a royal mummy
 54648 | Tomb:1   | Noticed a royal mummy
 54648 | Tomb:1   | Noticed a royal mummy
 54649 | Tomb:1   | 54649 ||| INVOKING Cleansing Flame.
 54649 | Tomb:1   | Noticed a royal mummy
 54652 | Tomb:1   | Killed a royal mummy
 54653 | Tomb:1   | Noticed a royal mummy
 54653 | Tomb:1   | Noticed a royal mummy
 54654 | Tomb:1   | Killed a royal mummy
 54655 | Tomb:1   | Noticed a royal mummy
 54656 | Tomb:1   | 54656 ||| INVOKING Cleansing Flame.
 54657 | Tomb:1   | 54657 ||| INVOKING Cleansing Flame.
 54658 | Tomb:1   | 54658 ||| INVOKING Cleansing Flame.
 54659 | Tomb:1   | 54659 ||| INVOKING Cleansing Flame.
 54660 | Tomb:1   | 54660 ||| INVOKING Cleansing Flame.
 54660 | Tomb:1   | Killed a royal mummy
 54662 | Tomb:1   | 54662 ||| INVOKING Cleansing Flame.
 54663 | Tomb:1   | 54663 ||| DRINKING 5 potions of magic.
 54667 | Tomb:1   | HP: 45/189 [royal mummy/divine providence (10)]
 54668 | Tomb:1   | 54668 ||| READING 11 scrolls of teleportation.
 54669 | Tomb:1   | 54669 ||| DRINKING 4 potions of heal wounds.
 54670 | Tomb:1   | 54670 ||| INVOKING Cleansing Flame.
 54927 | Tomb:1   | 54927 ||| INVOKING Summon Divine Warrior.
 54930 | Tomb:1   | 54930 ||| INVOKING Cleansing Flame.
 54931 | Tomb:1   | 54931 ||| INVOKING Cleansing Flame.
 54932 | Tomb:1   | 54932 ||| INVOKING Cleansing Flame.
 54932 | Tomb:1   | Killed a royal mummy
 54933 | Tomb:1   | Reached skill level 20 in Invocations
 55026 | Tomb:1   | 55026 ||| INVOKING Summon Divine Warrior.
 55029 | Tomb:1   | 55029 ||| INVOKING Cleansing Flame.
 55030 | Tomb:1   | 55030 ||| INVOKING Cleansing Flame.
 55032 | Tomb:1   | Killed a royal mummy
 55052 | Tomb:1   | Killed a royal mummy
 55052 | Tomb:1   | Lost intelligence.
 55108 | Tomb:1   | Noticed a royal mummy
 55111 | Tomb:1   | 55111 ||| INVOKING Cleansing Flame.
 55112 | Tomb:1   | 55112 ||| INVOKING Cleansing Flame.
 55112 | Tomb:1   | Noticed a royal mummy
 55113 | Tomb:1   | 55113 ||| INVOKING Cleansing Flame.
 55113 | Tomb:1   | Killed a royal mummy
 55117 | Tomb:1   | Killed a royal mummy
 55121 | Tomb:1   | Noticed a royal mummy
 55124 | Tomb:1   | Killed a royal mummy
 55137 | Tomb:1   | Noticed a royal mummy
 55138 | Tomb:1   | 55138 ||| INVOKING Summon Divine Warrior.
 55140 | Tomb:1   | 55140 ||| INVOKING Cleansing Flame.
 55141 | Tomb:1   | 55141 ||| INVOKING Cleansing Flame.
 55144 | Tomb:1   | Killed a royal mummy
 55147 | Tomb:1   | Noticed a royal mummy
 55150 | Tomb:1   | 55150 ||| INVOKING Cleansing Flame.
 55153 | Tomb:1   | Killed a royal mummy
 55596 | Tomb:2   | Reached skill level 21 in Invocations
 55598 | Tomb:2   | 55598 ||| INVOKING Summon Divine Warrior.
 55599 | Tomb:2   | 55599 ||| INVOKING Cleansing Flame.
 55606 | Tomb:2   | 55606 ||| INVOKING Cleansing Flame.
 55609 | Tomb:2   | 55609 ||| INVOKING Cleansing Flame.
 55610 | Tomb:2   | 55610 ||| INVOKING Cleansing Flame.
 55720 | Tomb:3   | Entered Level 3 of the Tomb of the Ancients
 55721 | Tomb:3   | 55721 ||| DRINKING 18 potions of haste.
 55722 | Tomb:3   | 55722 ||| DRINKING 10 potions of attraction.
 55737 | Tomb:3   | 55737 ||| INVOKING Cleansing Flame.
 55740 | Tomb:3   | 55740 ||| INVOKING Cleansing Flame.
 55740 | Tomb:3   | Noticed a royal mummy
 55741 | Tomb:3   | 55741 ||| INVOKING Summon Divine Warrior.
 55742 | Tomb:3   | 55742 ||| INVOKING Cleansing Flame.
 55743 | Tomb:3   | Noticed a royal mummy
 55743 | Tomb:3   | 55743 ||| INVOKING Cleansing Flame.
 55744 | Tomb:3   | 55744 ||| INVOKING Cleansing Flame.
 55745 | Tomb:3   | 55745 ||| INVOKING Cleansing Flame.
 55745 | Tomb:3   | Killed a royal mummy
 55746 | Tomb:3   | Killed a royal mummy
 55747 | Tomb:3   | 55747 ||| INVOKING Cleansing Flame.
 55750 | Tomb:3   | Reached skill level 22 in Invocations
 55755 | Tomb:3   | Noticed a royal mummy
 55758 | Tomb:3   | HP: 42/189 [??? (8)]
 55759 | Tomb:3   | 55759 ||| DRINKING 3 potions of heal wounds.
 55760 | Tomb:3   | 55760 ||| DRINKING 2 potions of heal wounds.
 55761 | Tomb:3   | 55761 ||| INVOKING Summon Divine Warrior.
 55763 | Tomb:3   | 55763 ||| INVOKING Cleansing Flame.
 55763 | Tomb:3   | HP: 45/189 [mummy priest/divine providence (13)]
 55763 | Tomb:3   | Noticed a royal mummy
 55764 | Tomb:3   | 55764 ||| DRINKING potion of heal wounds.
 55765 | Tomb:3   | 55765 ||| INVOKING Cleansing Flame.
 55767 | Tomb:3   | Killed a royal mummy
 55769 | Tomb:3   | 55769 ||| INVOKING Cleansing Flame.
 55769 | Tomb:3   | HP: 43/189 [??? (8)]
 55774 | Tomb:3   | Killed a royal mummy
 55775 | Tomb:3   | HP: 44/189 [something (14)]
 55811 | Tomb:3   | Noticed a royal mummy
 55814 | Tomb:3   | Killed a royal mummy
 55849 | Tomb:3   | Noticed a royal mummy
 55852 | Tomb:3   | Killed a royal mummy
 55866 | Tomb:3   | Noticed a royal mummy
 55868 | Tomb:3   | 55868 ||| INVOKING Summon Divine Warrior.
 55871 | Tomb:3   | 55871 ||| INVOKING Cleansing Flame.
 55872 | Tomb:3   | 55872 ||| INVOKING Cleansing Flame.
 55872 | Tomb:3   | Noticed a royal mummy
 55873 | Tomb:3   | 55873 ||| INVOKING Summon Divine Warrior.
 55873 | Tomb:3   | Killed a royal mummy
 55874 | Tomb:3   | Reached skill level 23 in Invocations
 55878 | Tomb:3   | Killed a royal mummy
 55973 | Tomb:3   | Found the +3 greatsling "Punk" {acid, rCorr}
 56016 | Tomb:3   | Identified the +8 crystal plate armour of the Engineer
                  | {Contam rElec Dex+9}
 56019 | Tomb:3   | Identified the +1 helmet "Sycwuost" {rElec rPois Str-2}
 56027 | Tomb:3   | Identified the +1 robe "Yronoun" {Dex+3}
 56033 | Tomb:3   | Identified the ring of Patience {+Blink rPois rF+ Will-}
 56036 | Tomb:3   | Identified the +8 plate armour of the Louse {rF+ Dex+2}
 56039 | Tomb:3   | Identified the +9 mace of Change {elec, rElec rN+}
 56045 | Tomb:3   | Identified the amulet "Ashroth" {rC+ rN+ Regen+ Int+6}
 56116 | Tomb:3   | 56116 ||| DROPPING +5 vampiric broad axe.
 56206 | Tomb:3   | Got a golden rune of Zot
 56404 | Tomb:3   | 56404 ||| PLANNING PAN
 56404 | Tomb:3   | 56404 ||| DROPPING +0 acid dragon scales.
 56405 | Tomb:3   | 56405 ||| UPGRADING to +8 crystal plate armour of the
                  | Engineer {Contam rElec Dex+9}.
 56415 | Tomb:3   | 56415 ||| DROPPING +10 plate armour of cold resistance.
 56416 | Tomb:3   | 56416 ||| DROPPING +1 hat.
 56417 | Tomb:3   | 56417 ||| UPGRADING to amulet of the Stallion {rC+ Regen+}.
 56427 | Tomb:3   | 56427 ||| DROPPING ring of Patience {+Blink rPois rF+
                  | Will-}.
 56473 | Tomb:1   | Was forgiven by Okawaru
 57057 | Pan      | Entered Pandemonium
 57061 | Pan      | 57061 ||| Stepping ~*~*~tactically~*~*~ (hiding).
 57063 | Pan      | 57063 ||| Stepping ~*~*~tactically~*~*~ (hiding).
 57066 | Pan      | 57066 ||| INVOKING Cleansing Flame.
 57067 | Pan      | 57067 ||| INVOKING Cleansing Flame.
 57068 | Pan      | 57068 ||| INVOKING Summon Divine Warrior.
 57286 | Pan      | 57286 ||| DRINKING potion of resistance.
 57287 | Pan      | 57287 ||| INVOKING Cleansing Flame.
 57364 | Pan      | Noticed Wateosse the pandemonium lord
 57365 | Pan      | 57365 ||| INVOKING Cleansing Flame.
 57371 | Pan      | Killed Wateosse the pandemonium lord
 57395 | Pan      | 57395 ||| INVOKING Cleansing Flame.
 57555 | Pan      | Reached skill level 24 in Invocations
 57977 | Pan      | 57977 ||| REMOVING +5 cloak of the Valley {Rampage rN+
                  | Int-2}.
 57982 | Pan      | 57982 ||| UPGRADING to amulet "Ashroth" {rC+ rN+ Regen+
                  | Int+6}.
 57992 | Pan      | 57992 ||| UPGRADING to +5 cloak of the Valley {Rampage rN+
                  | Int-2}.
 57997 | Pan      | 57997 ||| READING scroll of acquirement.
 57997 | Pan      | 57997 ||| ACQUIRING 319 gold pieces
 57997 | Pan      | Acquired 319 gold pieces
 57999 | Pan      | 57999 ||| DROPPING amulet of the Stallion {rC+ Regen+}.
 58000 | Pan      | 58000 ||| DROPPING ring of wizardry.
 58054 | Pan      | 58054 ||| Stepping ~*~*~tactically~*~*~ (stealth).
 58055 | Pan      | 58055 ||| Stepping ~*~*~tactically~*~*~ (stealth).
 58064 | Pan      | Noticed Mennas
 58065 | Pan      | 58065 ||| Stepping ~*~*~tactically~*~*~ (stealth).
 58067 | Pan      | 58067 ||| Stepping ~*~*~tactically~*~*~ (hiding).
 58070 | Pan      | 58070 ||| INVOKING Summon Divine Warrior.
 58078 | Pan      | Killed Mennas
 58131 | Pan      | Found a transporter.
 58136 | Pan      | 58136 ||| INVOKING Cleansing Flame.
 58287 | Pan      | 58287 ||| Stepping ~*~*~tactically~*~*~ (hiding).
 58289 | Pan      | 58289 ||| Stepping ~*~*~tactically~*~*~ (hiding).
 58290 | Pan      | 58290 ||| Stepping ~*~*~tactically~*~*~ (hiding).
 58295 | Pan      | 58295 ||| INVOKING Cleansing Flame.
 58296 | Pan      | 58296 ||| INVOKING Summon Divine Warrior.
 58459 | Pan      | 58459 ||| Stepping ~*~*~tactically~*~*~ (hiding).
 58463 | Pan      | 58463 ||| Stepping ~*~*~tactically~*~*~ (hiding).
 58483 | Pan      | 58483 ||| Stepping ~*~*~tactically~*~*~ (stealth).
 58662 | Pan      | Found a transporter.
 58730 | Pan      | 58730 ||| INVOKING Cleansing Flame.
 58731 | Pan      | 58731 ||| INVOKING Summon Divine Warrior.
 58951 | Pan      | 58951 ||| Stepping ~*~*~tactically~*~*~ (hiding).
 58961 | Pan      | 58961 ||| Stepping ~*~*~tactically~*~*~ (stealth).
 59076 | Pan      | 59076 ||| Stepping ~*~*~tactically~*~*~ (stealth).
 59087 | Pan      | 59087 ||| Stepping ~*~*~tactically~*~*~ (hiding).
 59270 | Pan      | 59270 ||| Stepping ~*~*~tactically~*~*~ (hiding).
 59364 | Pan      | 59364 ||| INVOKING Summon Divine Warrior.
 59372 | Pan      | Reached skill level 25 in Invocations
 59636 | Pan      | 59636 ||| Stepping ~*~*~tactically~*~*~ (hiding).
 60030 | Pan      | 60030 ||| Stepping ~*~*~tactically~*~*~ (stealth).
 60034 | Pan      | 60034 ||| Stepping ~*~*~tactically~*~*~ (hiding).
 60042 | Pan      | 60042 ||| READING 11 scrolls of teleportation.
 60401 | Pan      | 60401 ||| Stepping ~*~*~tactically~*~*~ (stealth).
 60430 | Pan      | 60430 ||| PLANNING D:1-11
 60430 | Pan      | 60430 ||| SWAPPING to +9 broad axe of Okawaru's Favour
                  | {flame, Drain rPois Dex+4}.
 60536 | Pan      | 60536 ||| Stepping ~*~*~tactically~*~*~ (stealth).
 60548 | Pan      | 60548 ||| Stepping ~*~*~tactically~*~*~ (hiding).
 60551 | Pan      | 60551 ||| Stepping ~*~*~tactically~*~*~ (hiding).
 60552 | Pan      | 60552 ||| Stepping ~*~*~tactically~*~*~ (hiding).
 60553 | Pan      | 60553 ||| INVOKING Summon Divine Warrior.
 60557 | Pan      | 60557 ||| INVOKING Cleansing Flame.
 60558 | Pan      | 60558 ||| INVOKING Cleansing Flame.
 60611 | Pan      | Identified the +4 barding "Yxaiten" {rC+}
 60657 | Pan      | Noticed Eroig the pandemonium lord
 60661 | Pan      | 60661 ||| INVOKING Cleansing Flame.
 60663 | Pan      | 60663 ||| INVOKING Cleansing Flame.
 60670 | Pan      | 60670 ||| INVOKING Summon Divine Warrior.
 60673 | Pan      | 60673 ||| INVOKING Cleansing Flame.
 60673 | Pan      | Killed Eroig the pandemonium lord
 60676 | Pan      | 60676 ||| INVOKING Cleansing Flame.
 60678 | Pan      | 60678 ||| INVOKING Summon Divine Warrior.
 60678 | Pan      | Gained mutation: Your magical capacity is very low. (-20%
                  | MP) [a cacodemon]
 60683 | Pan      | 60683 ||| INVOKING Cleansing Flame.
 60697 | Pan      | 60697 ||| READING 10 scrolls of teleportation.
 60880 | Pan      | 60880 ||| Stepping ~*~*~tactically~*~*~ (hiding).
 60898 | Pan      | 60898 ||| INVOKING Summon Divine Warrior.
 60901 | Pan      | 60901 ||| INVOKING Cleansing Flame.
 61009 | Pan      | Got a demonic rune of Zot
 61083 | Pan      | Noticed Suvol the pandemonium lord
 61084 | Pan      | 61084 ||| INVOKING Summon Divine Warrior.
 61089 | Pan      | Killed Suvol the pandemonium lord
 61189 | Pan      | 61189 ||| Stepping ~*~*~tactically~*~*~ (hiding).
 61295 | Pan      | 61295 ||| Stepping ~*~*~tactically~*~*~ (stealth).
 61303 | Pan      | 61303 ||| INVOKING Summon Divine Warrior.
 61306 | Pan      | 61306 ||| INVOKING Cleansing Flame.
 61455 | Pan      | 61455 ||| Stepping ~*~*~tactically~*~*~ (stealth).
 61457 | Pan      | 61457 ||| Stepping ~*~*~tactically~*~*~ (hiding).
 61480 | Pan      | Entered the realm of Cerebov.
 61480 | Pan      | Found the +6 sword of Cerebov {flame}
 61480 | Pan      | Noticed Cerebov
 61481 | Pan      | 61481 ||| DRINKING 17 potions of haste.
 61482 | Pan      | 61482 ||| INVOKING Summon Divine Warrior.
 61483 | Pan      | 61483 ||| DRINKING 11 potions of might.
 61497 | Pan      | 61497 ||| INVOKING Summon Divine Warrior.
 61497 | Pan      | Identified the +1 tower shield of Poeric {-Cast Dex+6}
 61499 | Pan      | HP: 47/189 [Cerebov] (12)]
 61500 | Pan      | 61500 ||| READING 10 scrolls of teleportation.
 61500 | Pan      | HP: 20/189 [burnt (6)]
 61501 | Pan      | 61501 ||| DRINKING 3 potions of heal wounds.
 61501 | Pan      | Killed from afar by a balrug

Levels and vault maps discovered:
D:1:      dpeg_arrival_ternary, layout_basic
D:2:      layout_basic, minmay_pentomino_s2
D:3:      cheibrodos_pilgrimage, layout_basic, trog_butcher_becter
D:4:      layout_loops_cross, grunt_temple_overflow_holy_war,
          mainiacjoe_overflow_cross_hatched, minmay_misc_feat_tower,
          kennysheep_generic_room_6, uniq_ijyb, uniq_grinder
D:5:      layout_basic, evilmike_ruin_ashenzari, temple_hall, serial_shops,
          nicolae_shop_overgrown_old_shop, kennysheep_generic_room_13,
          uniq_duvessa, uniq_crazy_yiuf_cottage
D:6:      layout_rooms, serial_shops, shop, nicolae_square_shop
D:7:      layout_loops_ring
D:8:      layout_loops_ring, nicolae_overflow_squiral,
          ebering_ghost_funeral_grove, grunt_ministairs_14,
          minmay_fractal_squares_5, uniq_gastronok, uniq_maggie,
          uniq_prince_ribbit1
D:9:      layout_loops_ring, mainiacjoe_overflow_alcove_4, minitemple,
          serial_shops, nicolae_shop_hallway_stairs,
          minmay_misc_feat_four_crosses, uniq_erolcha
D:10:     layout_small_grid, david_lair_generic, chequers_serial_rivers_small_a,
          dk_noncrumbling_3, hangedman_abyss_or_decor_stagger, uniq_snorg,
          uniq_psyche, uniq_fannar
D:11:     layout_loops_ring, david_orc_4
D:12:     minmay_roctagon, layout_irregular_city
D:13:     layout_grid_maze, david_vaults_2, ebering_ghost_disaster_area,
          serial_shops, nicolae_shop_bloodbath_and_beyond
D:14:     layout_layer_cave, corexii_hall_statues_x, hex_large, uniq_josephine
D:15:     gammafunk_depths_entry_grave, layout_loops_cross,
          nicolae_elyvilon_peaceful_grove, nemelex_spade_bored_becter
Temple:   nicolae_temple_colour_theory
Lair:1:   layout_hall_layers, chequers_serial_rivers_marsh, minivault_19,
          lemuel_fruit_tree, grunt_megastairs_4, infiniplex_staircase_pool
Lair:2:   layout_cave_shapes, swamp_mist, nicolae_spider_entry_orb_guardian,
          chequers_serial_rivers_micro_c, columned_hall_lemuel,
          fungi_pond_lemuel
Lair:3:   layout_long_grid, serial_bayou_shore_a, uniq_sonja
Lair:4:   layout_hall_layers, slime_entry_1
Lair:5:   gammafunk_lair_ancient_temple, layout_regular_city, basic_altar
Swamp:1:  layout_basic_swamp, evilmike_swamp_ruin_rubble_2, uniq_donald
Swamp:2:  layout_basic_swamp, nicolae_swamp_small_spring
Swamp:3:  layout_falls_marsh, gammafunk_ghost_mausoleum, serial_swamp_ruin,
          evilmike_swamp_ruin_house_4, evilmike_swamp_ruin_rubble_1,
          swamp_pool3, uniq_aizul
Swamp:4:  grunt_swamp_rune_castle, layout_basic_swamp,
          gammafunk_ghost_necromancy, swamp_pool5, nicolae_swamp_round_clearing,
          beargit_kiku_chapel
Spider:1: layout_spider_delve, uniq_jorgrun
Spider:2: layout_spider_delve
Spider:3: layout_cave_pods
Spider:4: johnstein_spider_rune_arachne_lair, uniq_nikola
Orc:1:    orc_temple, layout_diamond_mine, serial_shops,
          nicolae_shop_statue_plus, basic_altar, uniq_nergalle
Orc:2:    st_orc_pillars, layout_caves, nicolae_orc_rockfall,
          minmay_orc_barracks
Vaults:1: nicolae_vaults_puzzle_piece, v_rooms_3, ontoclasm_vaults_pinch,
          nicolae_vaults_three_branches, ontoclasm_vaults_ring_small,
          hangedman_vaults_capsules, v_pattern_3, v_misc_5,
          ontoclasm_vaults_gallery, hangedman_vaults_impose,
          nicolae_vaults_little_squares_1, layout_vaults_omnibox, serial_shops,
          nicolae_shop_stone
Vaults:2: ebering_ghost_xom, grunt_vaults_hallway_short, vaults_dpeg_hooks,
          nicolae_vaults_little_squares_3, vaults_room_octagon,
          vaults_room_stairs_pillars, minmay_crypt_entry_necro_gods,
          sword_in_stone, vaults_room_grunt_arrival_ludios,
          nicolae_vaults_little_squares_2, vaults_room_corners, v_misc_31,
          layout_vaults_big_room
Vaults:3: portal_desolation_entry_nicolae_nacl, v_misc_23,
          nicolae_vaults_windows_and_doors_thing, nicolae_vaults_alarming,
          nicolae_vaults_specimen_jars, v_alt_pattern_4,
          nicolae_vaults_yaktaur_gun_rack, nicolae_vaults_ninety_degrees,
          nicolae_vaults_big_ls, serial_ice_g, nicolae_vaults_little_squares_2,
          vaults_dpeg_encased_lava, layout_vaults_ring, uniq_mara
Vaults:4: nicolae_vaults_circle_grid_b, v_misc_19, nicolae_vaults_angled_halls,
          st_smaller_cells, grunt_vaults_diagonal, vaults_room_pool,
          hangedman_vaults_restitches, vaults_standard_mumra_enter_the_diamond,
          v_misc_29, grunt_vaults_focal, vaults_room_large_hall,
          ontoclasm_vaults_gateway, nicolae_vaults_mini_display_case,
          vaults_mumra_chevron, ontoclasm_vaults_claustrophobia,
          hangedman_vaults_snaps, v_misc_2, layout_vaults_maze_bifur
Vaults:5
Crypt:1:  layout_regular_city, minmay_misc_feat_rows, grunt_crypt_arrival_split
Crypt:2:  layout_catacombs, uniq_margery, uniq_zenata, uniq_frederick
Crypt:3:  church_of_pain_bobbens, layout_chaotic_city, gammafunk_ghost_split,
          uniq_josephina, uniq_bai_suzhen
Tomb:1
Tomb:2
Tomb:3
Depths:1: layout_cave_shapes, grunt_mini_vestibule, hangedman_decor_opposing,
          minmay_misc_feat_ornament, kb_rosetta, minmay_shop_star
Depths:2: radiant_caverns_a_rkd, abyss_entry, hell_entry, pan_entry
Depths:3: minmay_guarded_unrand_majin_bo, layout_cave_pools,
          grunt_qazlal_clouds, pan_entry, hell_entry, abyss_entry, serial_shops,
          kennysheep_little_box, nicolae_lakefront_shop, kennysheep_dice,
          minmay_staircase_statues, uniq_enchantress
Depths:4: grunt_zot_entry_bicorn, layout_cave_pools, enter_ziggurat_e,
          rand_demon_pan_entry_1, hangedman_geh_valley, serial_rivers,
          chequers_serial_rivers_room_b, chequers_serial_rivers_micro_a,
          chequers_serial_rivers_micro_d, chequers_serial_rivers_small_b,
          minmay_misc_feat_more_columns, minmay_misc_feat_room,
          minmay_shop_grove
Zot:1:    layout_concentric_octagons
Zot:2:    nicolae_zot_stationary_front, layout_misc_corridors
Zot:3:    layout_misc_corridors, grunt_megastairs_5
Zot:4:    layout_misc_corridors, st_stairs_12
Pan:      evilmike_mini_pan_possible_glass, layout_onion_city,
          nicolae_pan_mnolegish_2, nicolae_pan_sigil_nadil,
          reaverb_pan_figure_eight, gammafunk_dig_for_victory, layout_chambers,
          uniq_mennas_pan, nicolae_pan_strange_glyphs
          [nicolae_pan_strange_glyph_contempt,
          nicolae_pan_strange_glyph_acedia], rand_demon_5, layout_basic,
          pan_disco_hall, layout_long_grid, evilmike_mini_pan_doors_b,
          layout_gridville, pan_blood_fountain, evilmike_mini_pan_diamond,
          layout_long_grid, evilmike_mini_pan_corner, layout_stronghold,
          nicolae_pan_gloorx_vloqian_4, evilmike_cerebov_lava, layout_basic,
          pan_blood_fountain_2

Skill      XL: |  1  2  3  4  5  6  7  8  9 10 11 12 13 14 15 16 17 18 19 20 21 22 23 24 25 26 27 |
---------------+----------------------------------------------------------------------------------+-----
Axes           | 2 3 4 5 6 7 8 10 11 12 13 14 16 17 18 | 18.0
Throwing       | 1 2 3 4 5 7 9 10 11 12 13 | 13.0
Fighting       | 4 5 6 7 8 10 11 12 13 14 15 17 18 20 21 22 23 | 23.8
Dodging        | 1 4 5 6 7 8 12 13 | 13.0
Armour         | 5 6 7 9 10 11 12 13 14 15 17 18 19 20 22 23 | 23.9
Shields        | 4 5 6 7 8 11 14 15 16 17 18 19 21 22 | 22.0
Invocations    | 4 7 10 13 19 25 | 25.4

Action                   |  1- 3 |  4- 6 |  7- 9 | 10-12 | 13-15 | 16-18 | 19-21 | 22-24 | 25-27 || total
-------------------------+-------+-------+-------+-------+-------+-------+-------+-------+-------++-------
Melee: War axe           |    70 |   102 |   206 |   438 |   573 |       |       |       |       ||  1389
       Unarmed           |       |       |    20 |       |       |       |       |       |       ||    20
       Headbutt          |       |       |       |       |   194 |   319 |   447 |   453 |   470 ||  1883
       Broad axe         |       |       |       |       |   226 |  1308 |  1433 |  1575 |  1357 ||  5899
Throw: Javelin           |    20 |    24 |    32 |    15 |   143 |    47 |    30 |    80 |   183 ||   574
       Boomerang         |       |       |       |    34 |    78 |   159 |    89 |    39 |    12 ||   411
Invok: Heroism           |       |       |       |    10 |    36 |    63 |    38 |    48 |    10 ||   205
       Finesse           |       |       |       |       |     5 |    14 |    13 |    13 |     1 ||    46
       Brand Weapon With |       |       |       |       |       |       |       |       |     1 ||     1
       Cleansing Flame   |       |       |       |       |       |       |       |       |    83 ||    83
       Summon Divine War |       |       |       |       |       |       |       |       |    26 ||    26
  Use: Scroll            |     3 |     7 |     3 |    10 |    14 |     7 |     8 |     6 |     8 ||    66
       Potion            |       |     1 |     2 |     2 |     6 |     2 |     4 |     4 |    14 ||    35
 Stab: Distracted        |       |       |       |       |       |     2 |       |       |       ||     2
Armor: Scale mail        |    32 |    38 |       |       |       |       |       |       |       ||    70
       Ring mail         |       |     8 |    61 |       |       |       |       |       |       ||    69
       Chain mail        |       |       |    65 |   178 |       |       |       |       |       ||   243
       Plate armour      |       |       |       |    90 |   450 |  1094 |   686 |  1063 |   417 ||  3800
       Crystal plate arm |       |       |       |       |       |       |       |       |    99 ||    99
Dodge: Dodged            |    22 |    37 |    79 |   134 |   222 |   454 |   284 |   470 |   500 ||  2202
Block: Buckler           |    16 |    10 |    31 |   101 |   166 |    98 |       |       |       ||   422
       Kite shield       |       |       |       |       |       |   561 |   704 |   784 |       ||  2049
       Reflection        |       |       |       |       |       |    14 |    37 |    26 |       ||    77
       Tower shield      |       |       |       |       |       |       |       |   515 |  1532 ||  2047

Table legend:
 A = Non-vault XP
 B = Vault XP
 C = Vault XP percentage of total XP
 D = Non-vault monster count
 E = Vault monster count
 F = Vault count percentage of total count
                 A         B        C        D         E       F
            +---------+---------+-------+---------+---------+-------
      Total |  793209 |  767375 |  49.2 |    1565 |    1038 |  39.9
            +---------+---------+-------+---------+---------+-------
        D:1 |      50 |       0 |   0.0 |      29 |       0 |   0.0
        D:2 |      56 |       5 |   8.2 |      16 |       1 |   5.9
        D:3 |     183 |     101 |  35.6 |      25 |      10 |  28.6
        D:4 |     422 |     328 |  43.7 |      28 |       3 |   9.7
        D:5 |    1032 |     227 |  18.0 |      25 |       2 |   7.4
        D:6 |    1100 |       0 |   0.0 |      26 |       0 |   0.0
        D:7 |    1358 |       0 |   0.0 |       8 |       0 |   0.0
        D:8 |    1133 |    3036 |  72.8 |      18 |      11 |  37.9
        D:9 |    2868 |     867 |  23.2 |      25 |       1 |   3.8
       D:10 |    5819 |    3291 |  36.1 |      18 |       7 |  28.0
       D:11 |    1348 |     740 |  35.4 |       8 |      19 |  70.4
       D:12 |    2506 |    3691 |  59.6 |      13 |       7 |  35.0
       D:13 |    9835 |    1603 |  14.0 |      24 |       3 |  11.1
       D:14 |   16036 |    1763 |   9.9 |      39 |       5 |  11.4
       D:15 |   14179 |    4728 |  25.0 |      29 |       8 |  21.6
     Lair:1 |    4651 |     147 |   3.1 |      24 |       1 |   4.0
     Lair:2 |    6970 |     665 |   8.7 |      30 |       1 |   3.2
     Lair:3 |    6512 |     792 |  10.8 |      19 |       1 |   5.0
     Lair:4 |    7116 |       0 |   0.0 |      22 |       0 |   0.0
     Lair:5 |   16996 |    8634 |  33.7 |      51 |      21 |  29.2
    Swamp:1 |   11438 |    1327 |  10.4 |      21 |       1 |   4.5
    Swamp:2 |   10168 |       0 |   0.0 |      24 |       0 |   0.0
    Swamp:3 |   11636 |    1128 |   8.8 |      21 |       1 |   4.5
    Swamp:4 |   16600 |   28367 |  63.1 |      29 |      45 |  60.8
   Spider:1 |   16082 |    1868 |  10.4 |      50 |       1 |   2.0
   Spider:2 |   14168 |       0 |   0.0 |      35 |       0 |   0.0
   Spider:3 |   21020 |       0 |   0.0 |      51 |       0 |   0.0
   Spider:4 |   15855 |   28487 |  64.2 |      44 |      49 |  52.7
      Orc:1 |    2794 |   11059 |  79.8 |      22 |      48 |  68.6
      Orc:2 |    1378 |    9021 |  86.7 |      20 |      72 |  78.3
   Vaults:1 |   15259 |   31591 |  67.4 |      28 |      47 |  62.7
   Vaults:2 |   19832 |   14795 |  42.7 |      31 |      15 |  32.6
   Vaults:3 |   31584 |   24066 |  43.2 |      49 |      29 |  37.2
   Vaults:4 |   39988 |   55345 |  58.1 |      48 |      64 |  57.1
   Vaults:5 |   34048 |   80726 |  70.3 |      52 |      68 |  56.7
    Crypt:1 |   18144 |       0 |   0.0 |      32 |       0 |   0.0
    Crypt:2 |   29636 |    4377 |  12.9 |      41 |       2 |   4.7
    Crypt:3 |   13795 |   42992 |  75.7 |      21 |      73 |  77.7
     Tomb:1 |    6663 |  115534 |  94.5 |      19 |      78 |  80.4
     Tomb:2 |   17616 |   44582 |  71.7 |      36 |      55 |  60.4
     Tomb:3 |    7835 |   61661 |  88.7 |      16 |      68 |  81.0
   Depths:1 |   25801 |    7330 |  22.1 |      35 |       8 |  18.6
   Depths:2 |   12992 |   60860 |  82.4 |      14 |      94 |  87.0
   Depths:3 |   26528 |   14964 |  36.1 |      29 |      17 |  37.0
   Depths:4 |   20836 |   19191 |  47.9 |      25 |      19 |  43.2
      Zot:1 |   62336 |       0 |   0.0 |      57 |       0 |   0.0
      Zot:2 |   23973 |    8242 |  25.6 |      18 |       8 |  30.8
      Zot:3 |   48637 |    8219 |  14.5 |      39 |       8 |  17.0
      Zot:4 |    5209 |    2082 |  28.6 |       4 |       2 |  33.3
    Abyss:3 |    5624 |    1384 |  19.7 |      23 |       6 |  20.7
        Pan |  105564 |   57559 |  35.3 |     154 |      59 |  27.7
            +---------+---------+-------+---------+---------+-------
